Workbook
Name actuals: #REF!
Name actuals: #REF!
Name actuals: #REF!
Name budbis: [1]Budgetpivot!$C$4:$D$26
Name f_ville: OFFSET('Lead Partner detailed budget'!p_ville,0,0,COUNTA('Lead Partner detailed budget'!l_ville),1)
Name f_ville: OFFSET(p_ville,0,0,COUNTA(l_ville),1)
Name l_ville: '[2]Source NEW'!$A$3:$A$231
Name l_ville: '[3]Source NEW'!$A$3:$A$231
Name p_ville: '[2]Source NEW'!$A$3
Name p_ville: '[3]Source NEW'!$A$3
Name PBLtris: [1]Budgetstructure!$B$1:$C$26
Name period: #REF!
Name period: #REF!
Name period: #REF!
Name Typeproj: [2]Menus!$M$1:$M$3
Name Typeproj: [3]Menus!$M$1:$M$3

Sheet Budget summary_Annex Appendix
B2: Research Project: Regional Facility for Teachers in Africa BUDGET Phase 01.03.2025 - 31.08.2026
B3: Reference (number):
B4: Total budget: 440 000€ - 880 000€
B5: Grant 90%: 400 000 € - 800 000€ / Own contribution 10%: 40 000€ - 80 000€
B6: Beginning (est): 01/03/2025 | D6: Budget overview - per Partner/Organisation (for information purposes only)**
B7: End (est.): 31/08/2026
B8: Length: 18 months | G8: LEAD ORGANIZATION | I8: PARTNER 2 | K8: PARTNER 3 | M8: PARTNER 4 | O8: PARTNER 5 | Q8: PARTNER 6 | S8: PARTNER 7
B9: All costs are in euros (€) | D9: TOTAL BUDGET | E9: % | H9: % | J9: % | L9: % | N9: % | P9: % | R9: % | T9: %
B10: ACTIVITIES / RESULTS
B11: ….Task 1….
B12: ….Task 1.1…. | D12: =G12+I12+K12+M12+O12+Q12+S12 -> 14000 | G12: ='Lead Partner detailed budget'!I8 -> 2000 | I12: ='Partner 1'!I9 -> 2000 | K12: ='Partner 2'!I9 -> 2000 | M12: ='Partner 3'!I9 -> 2000 | O12: ='Partner 4'!I9 -> 2000 | Q12: ='Partner 5'!I9 -> 2000 | S12: ='Partner 6'!I9 -> 2000
B13: ….Task 1.2…. | D13: =G13+I13+K13+M13+O13+Q13+S13 -> 14000 | G13: ='Lead Partner detailed budget'!I15 -> 2000 | I13: ='Partner 1'!I16 -> 2000 | K13: ='Partner 2'!I16 -> 2000 | M13: ='Partner 3'!I16 -> 2000 | O13: ='Partner 4'!I16 -> 2000 | Q13: ='Partner 5'!I16 -> 2000 | S13: ='Partner 6'!I16 -> 2000
D14: =G14+I14+K14+M14+O14+Q14+S14 -> 0
D15: =G15+I15+K15+M15+O15+Q15+S15 -> 0
B16: Subtotal: | D16: =SUM(D12:D15) -> 28000 | E16: =D16/D48 -> 0.035727957 | G16: ='Lead Partner detailed budget'!I7 -> 4000 | H16: =G16/G48 -> 0.032493907 | I16: ='Partner 1'!I8 -> 4000 | J16: =I16/I48 -> 0.036330609 | K16: ='Partner 2'!I8 -> 4000 | L16: =K16/K48 -> 0.036330609 | M16: ='Partner 3'!I8 -> 4000 | N16: =M16/M48 -> 0.036330609 | O16: ='Partner 4'!I8 -> 4000 | P16: =O16/O48 -> 0.036330609 | Q16: ='Partner 5'!I8 -> 4000 | R16: =Q16/Q48 -> 0.036330609 | S16: ='Partner 6'!I8 -> 4000 | T16: =S16/S48 -> 0.036330609
B18: ….Task 2….
B19: ….Task 2.1…. | D19: =G19+I19+K19+M19+O19+Q19+S19 -> 14000 | G19: ='Lead Partner detailed budget'!I23 -> 2000 | I19: ='Partner 1'!I24 -> 2000 | K19: ='Partner 2'!I24 -> 2000 | M19: ='Partner 3'!I24 -> 2000 | O19: ='Partner 4'!I24 -> 2000 | Q19: ='Partner 5'!I24 -> 2000 | S19: ='Partner 6'!I24 -> 2000
B20: ….Task 2.2…. | D20: =G20+I20+K20+M20+O20+Q20+S20 -> 14000 | G20: ='Lead Partner detailed budget'!I30 -> 2000 | I20: ='Partner 1'!I31 -> 2000 | K20: ='Partner 2'!I31 -> 2000 | M20: ='Partner 3'!I31 -> 2000 | O20: ='Partner 4'!I31 -> 2000 | Q20: ='Partner 5'!I31 -> 2000 | S20: ='Partner 6'!I31 -> 2000
D21: =G21+I21+K21+M21+O21+Q21+S21 -> 0
D22: =G22+I22+K22+M22+O22+Q22+S22 -> 0
B23: Subtotal: | D23: =SUM(D19:D22) -> 28000 | E23: =D23/D48 -> 0.035727957 | G23: ='Lead Partner detailed budget'!I22 -> 4000 | H23: =G23/G48 -> 0.032493907 | I23: ='Partner 1'!I23 -> 4000 | J23: =I23/I48 -> 0.036330609 | K23: ='Partner 2'!I23 -> 4000 | L23: =K23/K48 -> 0.036330609 | M23: ='Partner 3'!I23 -> 4000 | N23: =M23/M48 -> 0.036330609 | O23: ='Partner 4'!I23 -> 4000 | P23: =O23/O48 -> 0.036330609 | Q23: ='Partner 5'!I23 -> 4000 | R23: =Q23/Q48 -> 0.036330609 | S23: ='Partner 6'!I23 -> 4000 | T23: =S23/S48 -> 0.036330609
B25: ….Task 3….
B26: ….Task 3.1…. | D26: =G26+I26+K26+M26+O26+Q26+S26 -> 14000 | G26: ='Lead Partner detailed budget'!I38 -> 2000 | I26: ='Partner 1'!I39 -> 2000 | K26: ='Partner 2'!I39 -> 2000 | M26: ='Partner 3'!I39 -> 2000 | O26: ='Partner 4'!I39 -> 2000 | Q26: ='Partner 5'!I39 -> 2000 | S26: ='Partner 6'!I39 -> 2000
B27: ….Task 3.2…. | D27: =G27+I27+K27+M27+O27+Q27+S27 -> 14000 | G27: ='Lead Partner detailed budget'!I45 -> 2000 | I27: ='Partner 1'!I46 -> 2000 | K27: ='Partner 2'!I46 -> 2000 | M27: ='Partner 3'!I46 -> 2000 | O27: ='Partner 4'!I46 -> 2000 | Q27: ='Partner 5'!I46 -> 2000 | S27: ='Partner 6'!I46 -> 2000
D28: =G28+I28+K28+M28+O28+Q28+S28 -> 0
D29: =G29+I29+K29+M29+O29+Q29+S29 -> 0
B30: Subtotal: | D30: =SUM(D26:D29) -> 28000 | E30: =D30/D48 -> 0.035727957 | G30: ='Lead Partner detailed budget'!I37 -> 4000 | H30: =G30/G48 -> 0.032493907 | I30: ='Partner 1'!I38 -> 4000 | J30: =I30/I48 -> 0.036330609 | K30: ='Partner 2'!I38 -> 4000 | L30: =K30/K48 -> 0.036330609 | M30: ='Partner 3'!I38 -> 4000 | N30: =M30/M48 -> 0.036330609 | O30: ='Partner 4'!I38 -> 4000 | P30: =O30/O48 -> 0.036330609 | Q30: ='Partner 5'!I38 -> 4000 | R30: =Q30/Q48 -> 0.036330609 | S30: ='Partner 6'!I38 -> 4000 | T30: =S30/S48 -> 0.036330609
B32: Cross Cutting Activities
B33: Knowledge Management | D33: =G33+I33+K33+M33+O33+Q33+S33 -> 14000 | G33: ='Lead Partner detailed budget'!I54 -> 5000 | I33: ='Partner 1'!I55 -> 1500 | K33: ='Partner 2'!I55 -> 1500 | M33: ='Partner 3'!I55 -> 1500 | O33: ='Partner 4'!I55 -> 1500 | Q33: ='Partner 5'!I55 -> 1500 | S33: ='Partner 6'!I55 -> 1500
B34: Communication and Dissemination | D34: =G34+I34+K34+M34+O34+Q34+S34 -> 5000 | G34: ='Lead Partner detailed budget'!I55 -> 2000 | I34: ='Partner 1'!I56 -> 500 | K34: ='Partner 2'!I56 -> 500 | M34: ='Partner 3'!I56 -> 500 | O34: ='Partner 4'!I56 -> 500 | Q34: ='Partner 5'!I56 -> 500 | S34: ='Partner 6'!I56 -> 500
B35: Other | D35: =G35+I35+K35+M35+O35+Q35+S35 -> 0 | G35: ='Lead Partner detailed budget'!I56 -> 0 | I35: ='Partner 1'!I57 -> 0 | K35: ='Partner 2'!I57 -> 0 | M35: ='Partner 3'!I57 -> 0 | O35: ='Partner 4'!I57 -> 0 | Q35: ='Partner 5'!I57 -> 0 | S35: ='Partner 6'!I57 -> 0
D36: =G36+I36+K36+M36+O36+Q36+S36 -> 0 | G36: ='Lead Partner detailed budget'!I57 -> 0 | I36: ='Partner 1'!I58 -> 0 | K36: ='Partner 2'!I58 -> 0 | M36: ='Partner 3'!I58 -> 0 | O36: ='Partner 4'!I58 -> 0 | Q36: ='Partner 5'!I58 -> 0 | S36: ='Partner 6'!I58 -> 0
B37: Subtotal: | D37: =D33+D34+D35 -> 19000 | E37: =D37/D48 -> 0.024243971 | G37: ='Lead Partner detailed budget'!I52 -> 7000 | H37: =G37/G52 -> 0.05077173 | I37: ='Partner 1'!I53 -> 2000 | J37: =I37/I52 -> 0.016219022 | K37: ='Partner 2'!I53 -> 2000 | L37: =K37/K52 -> 0.016219022 | M37: ='Partner 3'!I53 -> 2000 | N37: =M37/M52 -> 0.016219022 | O37: ='Partner 4'!I53 -> 2000 | P37: =O37/O52 -> 0.016219022 | Q37: ='Partner 5'!I53 -> 2000 | R37: =Q37/Q52 -> 0.016219022 | S37: ='Partner 6'!I53 -> 2000 | T37: =S37/S52 -> 0.016219022
B39: GENERAL MEANS AND OPERATING COSTS*
B41: Management
B42: Human Resources | D42: =G42+I42+K42+M42+O42+Q42+S42 -> 598500 | G42: ='Lead Partner detailed budget'!I58 -> 85500 | I42: ='Partner 1'!I59 -> 85500 | K42: ='Partner 2'!I59 -> 85500 | M42: ='Partner 3'!I59 -> 85500 | O42: ='Partner 4'!I59 -> 85500 | Q42: ='Partner 5'!I59 -> 85500 | S42: ='Partner 6'!I59 -> 85500
B43: Operational Costs | D43: =G43+I43+K43+M43+O43+Q43+S43 -> 82200 | G43: ='Lead Partner detailed budget'!I67 -> 18600 | I43: ='Partner 1'!I68 -> 10600 | K43: ='Partner 2'!I68 -> 10600 | M43: ='Partner 3'!I68 -> 10600 | O43: ='Partner 4'!I68 -> 10600 | Q43: ='Partner 5'!I68 -> 10600 | S43: ='Partner 6'!I68 -> 10600
B44: Subtotal: | D44: =D42+D43 -> 680700 | E44: =D44/D48 -> 0.86857216 | G44: =+SUM(G43,G42) -> 104100 | H44: =G44/G48 -> 0.84565394 | I44: =+SUM(I43,I42) -> 96100 | J44: =I44/I48 -> 0.87284287 | K44: =+SUM(K43,K42) -> 96100 | L44: =K44/K48 -> 0.87284287 | M44: =+SUM(M43,M42) -> 96100 | N44: =M44/M48 -> 0.87284287 | O44: =+SUM(O43,O42) -> 96100 | P44: =O44/O48 -> 0.87284287 | Q44: =+SUM(Q43,Q42) -> 96100 | R44: =Q44/Q48 -> 0.87284287 | S44: =+SUM(S43,S42) -> 96100 | T44: =S44/S48 -> 0.87284287
B47: TOTAL BUDGET for the action
B48: Subtotal direct costs | D48: =D44+D30+D23+D16+D37 -> 783700 | E48: =+D48/$D$48 -> 1 | G48: =G16+G23+G30+G44+G37 -> 123100 | H48: =+SUM(H44,H30,H23,H16) -> 0.94313566 | I48: =I16+I23+I30+I44+I37 -> 110100 | J48: =+SUM(J44,J30,J23,J16) -> 0.9818347 | K48: =K16+K23+K30+K44+K37 -> 110100 | L48: =+SUM(L44,L30,L23,L16) -> 0.9818347 | M48: =M16+M23+M30+M44+M37 -> 110100 | N48: =+SUM(N44,N30,N23,N16) -> 0.9818347 | O48: =O16+O23+O30+O44+O37 -> 110100 | P48: =+SUM(P44,P30,P23,P16) -> 0.9818347 | Q48: =Q16+Q23+Q30+Q44+Q37 -> 110100 | R48: =+SUM(R44,R30,R23,R16) -> 0.9818347 | S48: =S16+S23+S30+S44+S37 -> 110100 | T48: =+SUM(T44,T30,T23,T16) -> 0.9818347
B49: Total administrative overheads 7%*** | D49: =G49+I49+K49+M49+O49+Q49+S49 -> 54859 | G49: ='Lead Partner detailed budget'!I91 -> 8617 | I49: ='Partner 1'!I87 -> 7707 | K49: ='Partner 2'!I87 -> 7707 | M49: ='Partner 3'!I87 -> 7707 | O49: ='Partner 4'!I87 -> 7707 | Q49: ='Partner 5'!I87 -> 7707 | S49: ='Partner 6'!I87 -> 7707
B50: Total contingency reserve 5%**** | D50: =G50+I50+K50+M50+O50+Q50+S50 -> 39185 | G50: ='Lead Partner detailed budget'!I92 -> 6155 | I50: ='Partner 1'!I88 -> 5505 | K50: ='Partner 2'!I88 -> 5505 | M50: ='Partner 3'!I88 -> 5505 | O50: ='Partner 4'!I88 -> 5505 | Q50: ='Partner 5'!I88 -> 5505 | S50: ='Partner 6'!I88 -> 5505
B52: TOTAL COSTS OF THE ACTION | D52: =+D48+D49+D50 -> 877744 | G52: =G48+G49+G50 -> 137872 | I52: =I48+I49+I50 -> 123312 | K52: =K48+K49+K50 -> 123312 | M52: =M48+M49+M50 -> 123312 | O52: =O48+O49+O50 -> 123312 | Q52: =Q48+Q49+Q50 -> 123312 | S52: =S48+S49+S50 -> 123312
B54: Total direct eligible costs EU Contribution | D54: =G54+I54+K54+M54+O54+Q54+S54 -> 877744 | G54: =G52 -> 137872 | I54: =I52 -> 123312 | K54: =K52 -> 123312 | M54: =M52 -> 123312 | O54: =O52 -> 123312 | Q54: =Q52 -> 123312 | S54: =S52 -> 123312
B55: 7% flat-rate for indirect costs (remuneration as per Art. 18.3 GC respectively 16.8 GC for GIZ) | D55: =G55+I55+K55+M55+O55+Q55+S55 -> 61442.08 | G55: =G54*7% -> 9651.04 | I55: =I54*7% -> 8631.84 | K55: =K54*7% -> 8631.84 | M55: =M54*7% -> 8631.84 | O55: =O54*7% -> 8631.84 | Q55: =Q54*7% -> 8631.84 | S55: =S54*7% -> 8631.84
B56: TOTAL COSTS OF THE ACTION **** | D56: =+D54+D55 -> 939186.08 | G56: =+G54+G55 -> 147523.04 | I56: =+I54+I55 -> 131943.84 | K56: =+K54+K55 -> 131943.84 | M56: =+M54+M55 -> 131943.84 | O56: =+O54+O55 -> 131943.84 | Q56: =+Q54+Q55 -> 131943.84 | S56: =+S54+S55 -> 131943.84
B58: Note: The total budget of the action consists of a contribution from the EU amounting to 4 000 000 EUR for 5-10 research projects
B60: (***) Overheads to be reimbursed by the Contracting Authority are limited to 7% of the total eligible direct costs.
B61: (****) Contingency reserve to be reimbursed by the Contracting Authority are limited to 5% of the total eligible direct costs.

Sheet Lead Partner detailed budget
E2: Project:
E3: Applicant organization:
F4: Details | M4: PLANNING
A5: UBW_code | E5: BUDGET TOTAL | F5: Unit | G5: Quantity | H5: Amount | I5: BUDGET TOTAL | J5: % | K5: Comments | M5: 1-10 months | N5: 11-18 months | O5: Comments | Q5: VARIANCE
A6: =CONCATENATE(B6,"_",C6) -> 0_A | B6: =$F$2 -> 0 | C6: A | E6: Specific Objective
A7: =CONCATENATE(B7,"_",C7) -> #REF! | B7: =$F$2 -> 0 | C7: =CONCATENATE(#REF!,#REF!,#REF!,#REF!) -> #REF! | E7: ….Task 1 …. | I7: =I8+I15 -> 4000 | J7: =I7/I90 -> 0.032493907 | M7: =M8 -> 0 | N7: =N8 -> 0 | Q7: =I7-SUM(M7:N7) -> 4000
A8: =CONCATENATE(B8,"_",C8) -> #REF! | B8: =$F$2 -> 0 | C8: =CONCATENATE(#REF!,#REF!,#REF!,#REF!) -> #REF! | E8: ….Task 1.1…. | I8: =SUBTOTAL(9,I9:I14) -> 2000 | M8: =SUM(M9:M14) -> 0 | N8: =SUM(N9:N14) -> 0 | Q8: =I8-SUM(M8:N8) -> 2000
A9: =CONCATENATE(B9,"_",C9) -> #REF! | B9: =$F$2 -> 0 | C9: =CONCATENATE(#REF!,#REF!,#REF!,#REF!) -> #REF! | E9: Training, Workshops | F9: Unit | G9: 1 | H9: 2000 | I9: =+G9*H9 -> 2000 | Q9: =I9-SUM(M9:N9) -> 2000
E10: Conference, Seminars | I10: =+G10*H10 -> 0 | Q10: =I10-SUM(M10:N10) -> 0
E11: Consultancies | I11: =+G11*H11 -> 0 | Q11: =I11-SUM(M11:N11) -> 0
E12: Material purchases | I12: =+G12*H12 -> 0 | Q12: =I12-SUM(M12:N12) -> 0
E13: Other costs | I13: =+G13*H13 -> 0 | Q13: =I13-SUM(M13:N13) -> 0
I14: =+G14*H14 -> 0 | Q14: =I14-SUM(M14:N14) -> 0
A15: =CONCATENATE(B15,"_",C15) -> #REF! | B15: =$F$2 -> 0 | C15: =CONCATENATE(#REF!,#REF!,#REF!,#REF!) -> #REF! | E15: ….Task 1.2…. | I15: =SUBTOTAL(9,I16:I21) -> 2000 | M15: =SUM(M16:M21) -> 0 | N15: =SUM(N16:N21) -> 0 | Q15: =I15-SUM(M15:N15) -> 2000
A16: =CONCATENATE(B16,"_",C16) -> #REF! | B16: =$F$2 -> 0 | C16: =CONCATENATE(#REF!,#REF!,#REF!,#REF!) -> #REF! | E16: Training, Workshops | F16: Unit | G16: 1 | H16: 2000 | I16: =+G16*H16 -> 2000 | Q16: =I16-SUM(M16:N16) -> 2000
E17: Conference, Seminars | I17: =+G17*H17 -> 0 | Q17: =I17-SUM(M17:N17) -> 0
E18: Consultancies | I18: =+G18*H18 -> 0 | Q18: =I18-SUM(M18:N18) -> 0
E19: Material purchases | I19: =+G19*H19 -> 0 | Q19: =I19-SUM(M19:N19) -> 0
E20: Other costs | I20: =+G20*H20 -> 0 | Q20: =I20-SUM(M20:N20) -> 0
I21: =+G21*H21 -> 0 | Q21: =I21-SUM(M21:N21) -> 0
A22: =CONCATENATE(B22,"_",C22) -> #REF! | B22: =$F$2 -> 0 | C22: =CONCATENATE(#REF!,#REF!,#REF!,#REF!) -> #REF! | E22: ….Task 2…. | I22: =I23+I30 -> 4000 | J22: =I22/I90 -> 0.032493907 | M22: =M23+M30 -> 0 | N22: =N23+N30 -> 0 | Q22: =I22-SUM(M22:N22) -> 4000
A23: =CONCATENATE(B23,"_",C23) -> #REF! | B23: =$F$2 -> 0 | C23: =CONCATENATE(#REF!,#REF!,#REF!,#REF!) -> #REF! | E23: ….Task 2.1…. | I23: =SUBTOTAL(9,I24:I29) -> 2000 | M23: =SUM(M24:M29) -> 0 | N23: =SUM(N24:N29) -> 0 | Q23: =I23-SUM(M23:N23) -> 2000
A24: =CONCATENATE(B24,"_",C24) -> #REF! | B24: =$F$2 -> 0 | C24: =CONCATENATE(#REF!,#REF!,#REF!,#REF!) -> #REF! | E24: Training, Workshops | F24: Unit | G24: 1 | H24: 2000 | I24: =G24*H24 -> 2000 | Q24: =I24-SUM(M24:N24) -> 2000
E25: Conference, Seminars | I25: =G25*H25 -> 0 | Q25: =I25-SUM(M25:N25) -> 0
E26: Consultancies | I26: =G26*H26 -> 0 | Q26: =I26-SUM(M26:N26) -> 0
E27: Material purchases | I27: =G27*H27 -> 0 | Q27: =I27-SUM(M27:N27) -> 0
A28: =CONCATENATE(B28,"_",C28) -> #REF! | B28: =$F$2 -> 0 | C28: =CONCATENATE(#REF!,#REF!,#REF!,#REF!) -> #REF! | E28: Other costs | I28: =G28*H28 -> 0 | Q28: =I28-SUM(M28:N28) -> 0
I29: =G29*H29 -> 0 | Q29: =I29-SUM(M29:N29) -> 0
A30: =CONCATENATE(B30,"_",C30) -> #REF! | B30: =$F$2 -> 0 | C30: =CONCATENATE(#REF!,#REF!,#REF!,#REF!) -> #REF! | E30: ….Task 2.2…. | I30: =SUBTOTAL(9,I31:I35) -> 2000 | M30: =SUM(M31:M36) -> 0 | N30: =SUM(N31:N36) -> 0 | Q30: =I30-SUM(M30:N30) -> 2000
A31: =CONCATENATE(B31,"_",C31) -> #REF! | B31: =$F$2 -> 0 | C31: =CONCATENATE(#REF!,#REF!,#REF!,#REF!) -> #REF! | E31: Training, Workshops | F31: Unit | G31: 1 | H31: 2000 | I31: =G31*H31 -> 2000 | Q31: =I31-SUM(M31:N31) -> 2000
A32: =CONCATENATE(B32,"_",C32) -> #REF! | B32: =$F$2 -> 0 | C32: =CONCATENATE(#REF!,#REF!,#REF!,#REF!) -> #REF! | E32: Conference, Seminars | I32: =G32*H32 -> 0 | Q32: =I32-SUM(M32:N32) -> 0
E33: Consultancies | I33: =G33*H33 -> 0 | Q33: =I33-SUM(M33:N33) -> 0
E34: Material purchases | I34: =G34*H34 -> 0 | Q34: =I34-SUM(M34:N34) -> 0
E35: Other costs | I35: =G35*H35 -> 0 | Q35: =I35-SUM(M35:N35) -> 0
I36: =G36*H36 -> 0 | Q36: =I36-SUM(M36:N36) -> 0
A37: =CONCATENATE(B37,"_",C37) -> #REF! | B37: =$F$2 -> 0 | C37: =CONCATENATE(#REF!,#REF!,#REF!,#REF!) -> #REF! | E37: ….Task 3 …. | I37: =+I38+I45 -> 4000 | J37: =I37/I90 -> 0.032493907 | M37: =M38+M45 -> 0 | N37: =N38+N45 -> 0 | Q37: =I37-SUM(M37:N37) -> 4000
A38: =CONCATENATE(B38,"_",C38) -> #REF! | B38: =$F$2 -> 0 | C38: =CONCATENATE(#REF!,#REF!,#REF!,#REF!) -> #REF! | E38: ….Task 3.1…. | I38: =SUBTOTAL(9,I39:I44) -> 2000 | M38: =SUM(M39:M44) -> 0 | N38: =SUM(N39:N44) -> 0 | Q38: =I38-SUM(M38:N38) -> 2000
A39: =CONCATENATE(B39,"_",C39) -> #REF! | B39: =$F$2 -> 0 | C39: =CONCATENATE(#REF!,#REF!,#REF!,#REF!) -> #REF! | E39: Training, Workshops | F39: Unit | G39: 1 | H39: 2000 | I39: =G39*H39 -> 2000 | Q39: =I39-SUM(M39:N39) -> 2000
E40: Conference, Seminars | I40: =G40*H40 -> 0 | Q40: =I40-SUM(M40:N40) -> 0
E41: Consultancies | I41: =G41*H41 -> 0 | Q41: =I41-SUM(M41:N41) -> 0
E42: Material purchases | I42: =G42*H42 -> 0 | Q42: =I42-SUM(M42:N42) -> 0
E43: Other costs | I43: =G43*H43 -> 0 | Q43: =I43-SUM(M43:N43) -> 0
I44: =G44*H44 -> 0 | Q44: =I44-SUM(M44:N44) -> 0
E45: ….Task 3.2…. | I45: =SUBTOTAL(9,I46:I51) -> 2000 | M45: =SUM(M46:M51) -> 0 | N45: =SUM(N46:N51) -> 0 | Q45: =I45-SUM(M45:N45) -> 2000
E46: Training, Workshops | F46: Unit | G46: 1 | H46: 2000 | I46: =G46*H46 -> 2000 | Q46: =I46-SUM(M46:N46) -> 2000
E47: Conference, Seminars | I47: =G47*H47 -> 0 | Q47: =I47-SUM(M47:N47) -> 0
E48: Consultancies | I48: =G48*H48 -> 0 | Q48: =I48-SUM(M48:N48) -> 0
E49: Material purchases | I49: =G49*H49 -> 0 | Q49: =I49-SUM(M49:N49) -> 0
E50: Other costs | I50: =G50*H50 -> 0 | Q50: =I50-SUM(M50:N50) -> 0
I51: =G51*H51 -> 0 | Q51: =I51-SUM(M51:N51) -> 0
E52: Cross Cutting Activities | I52: =SUM(I54:I57) -> 7000 | J52: =I52/I90 -> 0.056864338 | Q52: =I52-SUM(M52:N52) -> 7000
E54: Knowledge Management | F54: Lumpsum | G54: 1 | H54: 5000 | I54: =+G54*H54 -> 5000
E55: Communication and Dissemination | F55: Lumpsum | G55: 1 | H55: 2000 | I55: =+G55*H55 -> 2000
E56: Other Costs
A58: =CONCATENATE(B58,"_",C58) -> #REF! | B58: =$F$2 -> 0 | C58: =CONCATENATE(#REF!,#REF!,#REF!,#REF!) -> #REF! | E58: Human Resources | I58: =SUM(I60:I66) -> 85500 | J58: =I58/I90 -> 0.69455727 | M58: =M59 -> 0 | N58: =N59 -> 0 | Q58: =I58-SUM(M58:N58) -> 85500
A59: =CONCATENATE(B59,"_",C59) -> #REF! | B59: =$F$2 -> 0 | C59: =CONCATENATE(#REF!,#REF!,#REF!,#REF!) -> #REF! | F59: % | G59: months | H59: total | M59: =SUM(M60:M66) -> 0 | N59: =SUM(N60:N66) -> 0 | Q59: =I59-SUM(M59:N59) -> 0
E60: Project manager | F60: 1 | G60: 18 | H60: 4500 | I60: =+G60*H60*F60 -> 81000 | Q60: =I60-SUM(M60:N60) -> 81000
E61: Research manager | I61: =+G61*H61*F61 -> 0 | Q61: =I61-SUM(M61:N61) -> 0
E62: Research officer | I62: =+G62*H62*F62 -> 0 | Q62: =I62-SUM(M62:N62) -> 0
E63: Technical officer | I63: =+G63*H63*F63 -> 0 | Q63: =I63-SUM(M63:N63) -> 0
E64: Financial officer | I64: =+G64*H64*F64 -> 0 | Q64: =I64-SUM(M64:N64) -> 0
E65: Liaison officer | F65: 0.05 | G65: 18 | H65: 5000 | I65: =+G65*H65*F65 -> 4500 | Q65: =I65-SUM(M65:N65) -> 4500
I66: =+G66*H66*F66 -> 0 | Q66: =I66-SUM(M66:N66) -> 0
A67: =CONCATENATE(B67,"_",C67) -> #REF! | B67: =$F$2 -> 0 | C67: =CONCATENATE(#REF!,#REF!,#REF!,#REF!) -> #REF! | D67: a | E67: Operational Costs | I67: =I68+I73+I85 -> 18600 | J67: =I67/I90 -> 0.15109667 | M67: =M68+M73+M85 -> 0 | N67: =N68+N73+N85 -> 0 | Q67: =I67-SUM(M67:N67) -> 18600
A68: =CONCATENATE(B68,"_",C68) -> #REF! | B68: =$F$2 -> 0 | C68: =CONCATENATE(#REF!,#REF!,#REF!,#REF!) -> #REF! | D68: a.1 | E68: Rent and office expenses | I68: =SUBTOTAL(9,I69:I72) -> 3600 | M68: =SUM(M69:M72) -> 0 | N68: =SUM(N69:N72) -> 0 | Q68: =I68-SUM(M68:N68) -> 3600
A69: =CONCATENATE(B69,"_",C69) -> #REF! | B69: =$F$2 -> 0 | C69: =CONCATENATE(#REF!,#REF!,#REF!,#REF!) -> #REF! | E69: Office infrastructure | F69: months | G69: 18 | H69: 200 | I69: =+G69*H69 -> 3600 | Q69: =I69-SUM(M69:N69) -> 3600
I70: =+G70*H70 -> 0 | Q70: =I70-SUM(M70:N70) -> 0
I71: =+G71*H71 -> 0 | Q71: =I71-SUM(M71:N71) -> 0
I72: =+G72*H72 -> 0 | Q72: =I72-SUM(M72:N72) -> 0
A73: =CONCATENATE(B73,"_",C73) -> #REF! | B73: =$F$2 -> 0 | C73: =CONCATENATE(#REF!,#REF!,#REF!,#REF!) -> #REF! | E73: Travel and per diem | F73: per trip | G73: No. Participants | I73: =SUBTOTAL(9,I74:I84) -> 7000 | M73: =SUM(M74:M84) -> 0 | N73: =SUM(N74:N84) -> 0 | Q73: =I73-SUM(M73:N73) -> 7000
E74: International mission costs, transport, accommodation and per diem | F74: per trip for all participants | G74: 4 | H74: 1500 | I74: =+G74*H74 -> 6000 | Q74: =I74-SUM(M74:N74) -> 6000
I75: =+G75*H75 -> 0 | Q75: =I75-SUM(M75:N75) -> 0
I76: =+G76*H76 -> 0 | Q76: =I76-SUM(M76:N76) -> 0
I77: =+G77*H77 -> 0 | Q77: =I77-SUM(M77:N77) -> 0
E78: National mission costs, transport, accommodation and per diem | F78: per trip for all participants | G78: 2 | H78: 500 | I78: =+G78*H78 -> 1000 | Q78: =I78-SUM(M78:N78) -> 1000
I79: =+G79*H79 -> 0 | Q79: =I79-SUM(M79:N79) -> 0
I80: =+G80*H80 -> 0 | Q80: =I80-SUM(M80:N80) -> 0
I81: =+G81*H81 -> 0 | Q81: =I81-SUM(M81:N81) -> 0
I82: =+G82*H82 -> 0 | Q82: =I82-SUM(M82:N82) -> 0
I83: =+G83*H83 -> 0 | Q83: =I83-SUM(M83:N83) -> 0
I84: =+G84*H84 -> 0 | Q84: =I84-SUM(M84:N84) -> 0
A85: =CONCATENATE(B85,"_",C85) -> #REF! | B85: =$F$2 -> 0 | C85: =CONCATENATE(#REF!,#REF!,#REF!,#REF!) -> #REF! | E85: Audit (only budgeted for the lead partner) | I85: =SUBTOTAL(9,I86:I89) -> 8000 | J85: =SUM(J7:J67) -> 1 | M85: =SUM(M86:M89) -> 0 | N85: =SUM(N86:N89) -> 0 | Q85: =I85-SUM(M85:N85) -> 8000
E86: Final report audit | F86: unit | G86: 1 | H86: 8000 | I86: =+G86*H86 -> 8000 | Q86: =I86-SUM(M86:N86) -> 8000
I87: =+G87*H87 -> 0 | Q87: =I87-SUM(M87:N87) -> 0
I88: =+G88*H88 -> 0 | Q88: =I88-SUM(M88:N88) -> 0
A89: =CONCATENATE(B89,"_",C89) -> #REF! | B89: =$F$2 -> 0 | C89: =CONCATENATE(#REF!,#REF!,#REF!,#REF!) -> #REF! | I89: =+G89*H89 -> 0 | Q89: =I89-SUM(M89:N89) -> 0
A90: =CONCATENATE(B90,"_",C90) -> _ | E90: SUBTOTAL DIRECT COSTS | I90: =I7+I22+I37+I58+I67+I52 -> 123100 | M90: =SUM(M7+M22+M37+M58+M67) -> 0 | N90: =SUM(N7+N22+N37+N58+N67) -> 0 | Q90: =I90-SUM(M90:N90) -> 123100
A91: =CONCATENATE(B91,"_",C91) -> #REF! | B91: =$F$2 -> 0 | C91: =CONCATENATE(#REF!,#REF!,#REF!,#REF!) -> #REF! | E91: Indirect costs | F91: % | G91: 7 | I91: =+I90*0.07 -> 8617 | M91: =+M90*0.07 -> 0 | N91: =+N90*0.07 -> 0 | Q91: =I91-SUM(M91:N91) -> 8617
E92: Contingency reserve (not eligible for HR costs) | F92: % | G92: 5 | I92: =I90*0.05 -> 6155 | Q92: =I92-SUM(M92:N92) -> 6155
A93: =CONCATENATE(B93,"_",C93) -> _ | E93: TOTAL | I93: =+I90+I91+I92 -> 137872 | M93: =+M90+M91 -> 0 | N93: =+N90+N91 -> 0 | Q93: =I93-SUM(M93:N93) -> 137872

Sheet Partner 1
E2: Project:
E3: partner organization:
F5: Details | M5: PLANNING
A6: UBW_code | E6: BUDGET TOTAL | F6: Unit | G6: Quantity | H6: Amount | I6: BUDGET TOTAL | J6: % | K6: Comments | M6: 1-10 months | N6: 11-18 months | O6: Comments | Q6: VARIANCE
A7: =CONCATENATE(B7,"_",C7) -> 0_A | B7: =$F$2 -> 0 | C7: A | E7: Specific Objective
A8: =CONCATENATE(B8,"_",C8) -> #REF! | B8: =$F$2 -> 0 | C8: =CONCATENATE(#REF!,#REF!,#REF!,#REF!) -> #REF! | E8: ….Task 1 …. | I8: =I9+I16 -> 4000 | J8: =I8/I86 -> 0.036330609 | M8: =M9 -> 0 | N8: =N9 -> 0 | Q8: =I8-SUM(M8:N8) -> 4000
A9: =CONCATENATE(B9,"_",C9) -> #REF! | B9: =$F$2 -> 0 | C9: =CONCATENATE(#REF!,#REF!,#REF!,#REF!) -> #REF! | E9: ….Task 1.1…. | I9: =SUBTOTAL(9,I10:I15) -> 2000 | M9: =SUM(M10:M15) -> 0 | N9: =SUM(N10:N15) -> 0 | Q9: =I9-SUM(M9:N9) -> 2000
A10: =CONCATENATE(B10,"_",C10) -> #REF! | B10: =$F$2 -> 0 | C10: =CONCATENATE(#REF!,#REF!,#REF!,#REF!) -> #REF! | E10: Training, Workshops | F10: Unit | G10: 1 | H10: 2000 | I10: =+G10*H10 -> 2000 | Q10: =I10-SUM(M10:N10) -> 2000
E11: Conference, Seminars | I11: =+G11*H11 -> 0 | Q11: =I11-SUM(M11:N11) -> 0
E12: Consultancies | I12: =+G12*H12 -> 0 | Q12: =I12-SUM(M12:N12) -> 0
E13: Material purchases | I13: =+G13*H13 -> 0 | Q13: =I13-SUM(M13:N13) -> 0
E14: Other costs | I14: =+G14*H14 -> 0 | Q14: =I14-SUM(M14:N14) -> 0
I15: =+G15*H15 -> 0 | Q15: =I15-SUM(M15:N15) -> 0
A16: =CONCATENATE(B16,"_",C16) -> #REF! | B16: =$F$2 -> 0 | C16: =CONCATENATE(#REF!,#REF!,#REF!,#REF!) -> #REF! | E16: ….Task 1.2…. | I16: =SUBTOTAL(9,I17:I22) -> 2000 | M16: =SUM(M17:M22) -> 0 | N16: =SUM(N17:N22) -> 0 | Q16: =I16-SUM(M16:N16) -> 2000
A17: =CONCATENATE(B17,"_",C17) -> #REF! | B17: =$F$2 -> 0 | C17: =CONCATENATE(#REF!,#REF!,#REF!,#REF!) -> #REF! | E17: Training, Workshops | F17: Unit | G17: 1 | H17: 2000 | I17: =+G17*H17 -> 2000 | Q17: =I17-SUM(M17:N17) -> 2000
E18: Conference, Seminars | I18: =+G18*H18 -> 0 | Q18: =I18-SUM(M18:N18) -> 0
E19: Consultancies | I19: =+G19*H19 -> 0 | Q19: =I19-SUM(M19:N19) -> 0
E20: Material purchases | I20: =+G20*H20 -> 0 | Q20: =I20-SUM(M20:N20) -> 0
E21: Other costs | I21: =+G21*H21 -> 0 | Q21: =I21-SUM(M21:N21) -> 0
I22: =+G22*H22 -> 0 | Q22: =I22-SUM(M22:N22) -> 0
A23: =CONCATENATE(B23,"_",C23) -> #REF! | B23: =$F$2 -> 0 | C23: =CONCATENATE(#REF!,#REF!,#REF!,#REF!) -> #REF! | E23: ….Task 2…. | I23: =I24+I31 -> 4000 | J23: =I23/I86 -> 0.036330609 | M23: =M24+M31 -> 0 | N23: =N24+N31 -> 0 | Q23: =I23-SUM(M23:N23) -> 4000
A24: =CONCATENATE(B24,"_",C24) -> #REF! | B24: =$F$2 -> 0 | C24: =CONCATENATE(#REF!,#REF!,#REF!,#REF!) -> #REF! | E24: ….Task 2.1…. | I24: =SUBTOTAL(9,I25:I30) -> 2000 | M24: =SUM(M25:M30) -> 0 | N24: =SUM(N25:N30) -> 0 | Q24: =I24-SUM(M24:N24) -> 2000
A25: =CONCATENATE(B25,"_",C25) -> #REF! | B25: =$F$2 -> 0 | C25: =CONCATENATE(#REF!,#REF!,#REF!,#REF!) -> #REF! | E25: Training, Workshops | F25: Unit | G25: 1 | H25: 2000 | I25: =G25*H25 -> 2000 | Q25: =I25-SUM(M25:N25) -> 2000
E26: Conference, Seminars | I26: =G26*H26 -> 0 | Q26: =I26-SUM(M26:N26) -> 0
E27: Consultancies | I27: =G27*H27 -> 0 | Q27: =I27-SUM(M27:N27) -> 0
E28: Material purchases | I28: =G28*H28 -> 0 | Q28: =I28-SUM(M28:N28) -> 0
A29: =CONCATENATE(B29,"_",C29) -> #REF! | B29: =$F$2 -> 0 | C29: =CONCATENATE(#REF!,#REF!,#REF!,#REF!) -> #REF! | E29: Other costs | I29: =G29*H29 -> 0 | Q29: =I29-SUM(M29:N29) -> 0
I30: =G30*H30 -> 0 | Q30: =I30-SUM(M30:N30) -> 0
A31: =CONCATENATE(B31,"_",C31) -> #REF! | B31: =$F$2 -> 0 | C31: =CONCATENATE(#REF!,#REF!,#REF!,#REF!) -> #REF! | E31: ….Task 2.2…. | I31: =SUBTOTAL(9,I32:I36) -> 2000 | M31: =SUM(M32:M37) -> 0 | N31: =SUM(N32:N37) -> 0 | Q31: =I31-SUM(M31:N31) -> 2000
A32: =CONCATENATE(B32,"_",C32) -> #REF! | B32: =$F$2 -> 0 | C32: =CONCATENATE(#REF!,#REF!,#REF!,#REF!) -> #REF! | E32: Training, Workshops | F32: Unit | G32: 1 | H32: 2000 | I32: =G32*H32 -> 2000 | Q32: =I32-SUM(M32:N32) -> 2000
A33: =CONCATENATE(B33,"_",C33) -> #REF! | B33: =$F$2 -> 0 | C33: =CONCATENATE(#REF!,#REF!,#REF!,#REF!) -> #REF! | E33: Conference, Seminars | I33: =G33*H33 -> 0 | Q33: =I33-SUM(M33:N33) -> 0
E34: Consultancies | I34: =G34*H34 -> 0 | Q34: =I34-SUM(M34:N34) -> 0
E35: Material purchases | I35: =G35*H35 -> 0 | Q35: =I35-SUM(M35:N35) -> 0
E36: Other costs | I36: =G36*H36 -> 0 | Q36: =I36-SUM(M36:N36) -> 0
I37: =G37*H37 -> 0 | Q37: =I37-SUM(M37:N37) -> 0
A38: =CONCATENATE(B38,"_",C38) -> #REF! | B38: =$F$2 -> 0 | C38: =CONCATENATE(#REF!,#REF!,#REF!,#REF!) -> #REF! | E38: ….Task 3 …. | I38: =I39+I46 -> 4000 | J38: =I38/I86 -> 0.036330609 | M38: =M39+M46 -> 0 | N38: =N39+N46 -> 0 | Q38: =I38-SUM(M38:N38) -> 4000
A39: =CONCATENATE(B39,"_",C39) -> #REF! | B39: =$F$2 -> 0 | C39: =CONCATENATE(#REF!,#REF!,#REF!,#REF!) -> #REF! | E39: ….Task 3.1…. | I39: =SUBTOTAL(9,I40:I45) -> 2000 | M39: =SUM(M40:M45) -> 0 | N39: =SUM(N40:N45) -> 0 | Q39: =I39-SUM(M39:N39) -> 2000
A40: =CONCATENATE(B40,"_",C40) -> #REF! | B40: =$F$2 -> 0 | C40: =CONCATENATE(#REF!,#REF!,#REF!,#REF!) -> #REF! | E40: Training, Workshops | F40: Unit | G40: 1 | H40: 2000 | I40: =G40*H40 -> 2000 | Q40: =I40-SUM(M40:N40) -> 2000
E41: Conference, Seminars | I41: =G41*H41 -> 0 | Q41: =I41-SUM(M41:N41) -> 0
E42: Consultancies | I42: =G42*H42 -> 0 | Q42: =I42-SUM(M42:N42) -> 0
E43: Material purchases | I43: =G43*H43 -> 0 | Q43: =I43-SUM(M43:N43) -> 0
E44: Other costs | I44: =G44*H44 -> 0 | Q44: =I44-SUM(M44:N44) -> 0
I45: =G45*H45 -> 0 | Q45: =I45-SUM(M45:N45) -> 0
E46: ….Task 3.2…. | I46: =SUBTOTAL(9,I47:I52) -> 2000 | M46: =SUM(M47:M52) -> 0 | N46: =SUM(N47:N52) -> 0 | Q46: =I46-SUM(M46:N46) -> 2000
E47: Training, Workshops | F47: Unit | G47: 1 | H47: 2000 | I47: =G47*H47 -> 2000 | Q47: =I47-SUM(M47:N47) -> 2000
E48: Conference, Seminars | I48: =G48*H48 -> 0 | Q48: =I48-SUM(M48:N48) -> 0
E49: Consultancies | I49: =G49*H49 -> 0 | Q49: =I49-SUM(M49:N49) -> 0
E50: Material purchases | I50: =G50*H50 -> 0 | Q50: =I50-SUM(M50:N50) -> 0
E51: Other costs | I51: =G51*H51 -> 0 | Q51: =I51-SUM(M51:N51) -> 0
I52: =G52*H52 -> 0 | Q52: =I52-SUM(M52:N52) -> 0
E53: Cross Cutting Activities | I53: =SUM(I55:I58) -> 2000 | J53: =I53/I86 -> 0.018165304 | Q53: =I53-SUM(M53:N53) -> 2000
E55: Knowledge Management | F55: Lumpsum | G55: 1 | H55: 1500 | I55: =+G55*H55 -> 1500
E56: Communication and Dissemination | F56: Lumpsum | G56: 1 | H56: 500 | I56: =+G56*H56 -> 500
E57: Other Costs | I57: =+G57*H57 -> 0
I58: =+G58*H58 -> 0
A59: =CONCATENATE(B59,"_",C59) -> #REF! | B59: =$F$2 -> 0 | C59: =CONCATENATE(#REF!,#REF!,#REF!,#REF!) -> #REF! | E59: Human Resources | I59: =SUM(I61:I67) -> 85500 | J59: =I59/I86 -> 0.77656676 | M59: =M60 -> 0 | N59: =N60 -> 0 | Q59: =I59-SUM(M59:N59) -> 85500
A60: =CONCATENATE(B60,"_",C60) -> #REF! | B60: =$F$2 -> 0 | C60: =CONCATENATE(#REF!,#REF!,#REF!,#REF!) -> #REF! | F60: % | G60: months | H60: total | M60: =SUM(M61:M67) -> 0 | N60: =SUM(N61:N67) -> 0 | Q60: =I60-SUM(M60:N60) -> 0
E61: Project manager | F61: 1 | G61: 18 | H61: 4500 | I61: =+G61*H61*F61 -> 81000 | Q61: =I61-SUM(M61:N61) -> 81000
E62: Research manager | I62: =+G62*H62*F62 -> 0 | Q62: =I62-SUM(M62:N62) -> 0
E63: Research officer | I63: =+G63*H63*F63 -> 0 | Q63: =I63-SUM(M63:N63) -> 0
E64: Technical officer | I64: =+G64*H64*F64 -> 0 | Q64: =I64-SUM(M64:N64) -> 0
E65: Financial officer | I65: =+G65*H65*F65 -> 0 | Q65: =I65-SUM(M65:N65) -> 0
E66: Liaison officer | F66: 0.05 | G66: 18 | H66: 5000 | I66: =+G66*H66*F66 -> 4500 | Q66: =I66-SUM(M66:N66) -> 4500
I67: =+G67*H67*F67 -> 0 | Q67: =I67-SUM(M67:N67) -> 0
A68: =CONCATENATE(B68,"_",C68) -> #REF! | B68: =$F$2 -> 0 | C68: =CONCATENATE(#REF!,#REF!,#REF!,#REF!) -> #REF! | D68: a | E68: Operational Costs | I68: =I69+I74 -> 10600 | J68: =I68/I86 -> 0.096276113 | M68: =M69+M74+M86 -> 0 | N68: =N69+N74+N86 -> 0 | Q68: =I68-SUM(M68:N68) -> 10600
A69: =CONCATENATE(B69,"_",C69) -> #REF! | B69: =$F$2 -> 0 | C69: =CONCATENATE(#REF!,#REF!,#REF!,#REF!) -> #REF! | D69: a.1 | E69: Rent and office expenses | I69: =SUBTOTAL(9,I70:I73) -> 3600 | M69: =SUM(M70:M73) -> 0 | N69: =SUM(N70:N73) -> 0 | Q69: =I69-SUM(M69:N69) -> 3600
A70: =CONCATENATE(B70,"_",C70) -> #REF! | B70: =$F$2 -> 0 | C70: =CONCATENATE(#REF!,#REF!,#REF!,#REF!) -> #REF! | E70: Office infrastructure | F70: months | G70: 18 | H70: 200 | I70: =+G70*H70 -> 3600 | Q70: =I70-SUM(M70:N70) -> 3600
I71: =+G71*H71 -> 0 | Q71: =I71-SUM(M71:N71) -> 0
I72: =+G72*H72 -> 0 | Q72: =I72-SUM(M72:N72) -> 0
I73: =+G73*H73 -> 0 | Q73: =I73-SUM(M73:N73) -> 0
A74: =CONCATENATE(B74,"_",C74) -> #REF! | B74: =$F$2 -> 0 | C74: =CONCATENATE(#REF!,#REF!,#REF!,#REF!) -> #REF! | E74: Travel and per diem | F74: per trip | G74: No. Participants | I74: =SUBTOTAL(9,I75:I85) -> 7000 | M74: =SUM(M75:M85) -> 0 | N74: =SUM(N75:N85) -> 0 | Q74: =I74-SUM(M74:N74) -> 7000
E75: International mission costs, transport, accommodation and per diem | F75: per trip for all participants | G75: 4 | H75: 1500 | I75: =+G75*H75 -> 6000 | Q75: =I75-SUM(M75:N75) -> 6000
I76: =+G76*H76 -> 0 | Q76: =I76-SUM(M76:N76) -> 0
I77: =+G77*H77 -> 0 | Q77: =I77-SUM(M77:N77) -> 0
I78: =+G78*H78 -> 0 | Q78: =I78-SUM(M78:N78) -> 0
E79: National mission costs, transport, accommodation and per diem | F79: per trip for all participants | G79: 2 | H79: 500 | I79: =+G79*H79 -> 1000 | Q79: =I79-SUM(M79:N79) -> 1000
I80: =+G80*H80 -> 0 | Q80: =I80-SUM(M80:N80) -> 0
I81: =+G81*H81 -> 0 | Q81: =I81-SUM(M81:N81) -> 0
I82: =+G82*H82 -> 0 | Q82: =I82-SUM(M82:N82) -> 0
I83: =+G83*H83 -> 0 | Q83: =I83-SUM(M83:N83) -> 0
I84: =+G84*H84 -> 0 | Q84: =I84-SUM(M84:N84) -> 0
I85: =+G85*H85 -> 0 | Q85: =I85-SUM(M85:N85) -> 0
A86: =CONCATENATE(B86,"_",C86) -> _ | E86: SUBTOTAL DIRECT COSTS | I86: =I8+I23+I38+I59+I68+I53 -> 110100 | J86: =SUM(J8:J68) -> 1 | M86: =SUM(M87:M91) -> 0 | N86: =SUM(N87:N91) -> 0 | Q86: =I86-SUM(M86:N86) -> 110100
A87: =CONCATENATE(B87,"_",C87) -> #REF! | B87: =$F$2 -> 0 | C87: =CONCATENATE(#REF!,#REF!,#REF!,#REF!) -> #REF! | E87: Indirect costs | F87: % | G87: 7 | I87: =+I86*0.07 -> 7707 | Q87: =I87-SUM(M87:N87) -> 7707
E88: Contingency reserve (not eligible for HR costs) | F88: % | G88: 5 | I88: =I86*0.05 -> 5505 | Q88: =I88-SUM(M88:N88) -> 5505
A89: =CONCATENATE(B89,"_",C89) -> _ | E89: TOTAL | I89: =+I86+I87+I88 -> 123312 | Q89: =I89-SUM(M89:N89) -> 123312
Q90: =I90-SUM(M90:N90) -> 0
Q91: =I91-SUM(M91:N91) -> 0
M92: =SUM(M8+M23+M38+M59+M68) -> 0 | N92: =SUM(N8+N23+N38+N59+N68) -> 0 | Q92: =I92-SUM(M92:N92) -> 0
M93: =+M92*0.07 -> 0 | N93: =+N92*0.07 -> 0 | Q93: =I93-SUM(M93:N93) -> 0
Q94: =I94-SUM(M94:N94) -> 0
M95: =+M92+M93 -> 0 | N95: =+N92+N93 -> 0 | Q95: =I95-SUM(M95:N95) -> 0

Sheet Partner 2
E2: Project:
E3: partner organization:
F5: Details | M5: PLANNING
A6: UBW_code | E6: BUDGET TOTAL | F6: Unit | G6: Quantity | H6: Amount | I6: BUDGET TOTAL | J6: % | K6: Comments | M6: 1-10 months | N6: 11-18 months | O6: Comments | Q6: VARIANCE
A7: =CONCATENATE(B7,"_",C7) -> 0_A | B7: =$F$2 -> 0 | C7: A | E7: Specific Objective
A8: =CONCATENATE(B8,"_",C8) -> #REF! | B8: =$F$2 -> 0 | C8: =CONCATENATE(#REF!,#REF!,#REF!,#REF!) -> #REF! | E8: ….Task 1 …. | I8: =I9+I16 -> 4000 | J8: =I8/I86 -> 0.036330609 | M8: =M9 -> 0 | N8: =N9 -> 0 | Q8: =I8-SUM(M8:N8) -> 4000
A9: =CONCATENATE(B9,"_",C9) -> #REF! | B9: =$F$2 -> 0 | C9: =CONCATENATE(#REF!,#REF!,#REF!,#REF!) -> #REF! | E9: ….Task 1.1…. | I9: =SUBTOTAL(9,I10:I15) -> 2000 | M9: =SUM(M10:M15) -> 0 | N9: =SUM(N10:N15) -> 0 | Q9: =I9-SUM(M9:N9) -> 2000
A10: =CONCATENATE(B10,"_",C10) -> #REF! | B10: =$F$2 -> 0 | C10: =CONCATENATE(#REF!,#REF!,#REF!,#REF!) -> #REF! | E10: Training, Workshops | F10: Unit | G10: 1 | H10: 2000 | I10: =+G10*H10 -> 2000 | Q10: =I10-SUM(M10:N10) -> 2000
E11: Conference, Seminars | I11: =+G11*H11 -> 0 | Q11: =I11-SUM(M11:N11) -> 0
E12: Consultancies | I12: =+G12*H12 -> 0 | Q12: =I12-SUM(M12:N12) -> 0
E13: Material purchases | I13: =+G13*H13 -> 0 | Q13: =I13-SUM(M13:N13) -> 0
E14: Other costs | I14: =+G14*H14 -> 0 | Q14: =I14-SUM(M14:N14) -> 0
I15: =+G15*H15 -> 0 | Q15: =I15-SUM(M15:N15) -> 0
A16: =CONCATENATE(B16,"_",C16) -> #REF! | B16: =$F$2 -> 0 | C16: =CONCATENATE(#REF!,#REF!,#REF!,#REF!) -> #REF! | E16: ….Task 1.2…. | I16: =SUBTOTAL(9,I17:I22) -> 2000 | M16: =SUM(M17:M22) -> 0 | N16: =SUM(N17:N22) -> 0 | Q16: =I16-SUM(M16:N16) -> 2000
A17: =CONCATENATE(B17,"_",C17) -> #REF! | B17: =$F$2 -> 0 | C17: =CONCATENATE(#REF!,#REF!,#REF!,#REF!) -> #REF! | E17: Training, Workshops | F17: Unit | G17: 1 | H17: 2000 | I17: =+G17*H17 -> 2000 | Q17: =I17-SUM(M17:N17) -> 2000
E18: Conference, Seminars | I18: =+G18*H18 -> 0 | Q18: =I18-SUM(M18:N18) -> 0
E19: Consultancies | I19: =+G19*H19 -> 0 | Q19: =I19-SUM(M19:N19) -> 0
E20: Material purchases | I20: =+G20*H20 -> 0 | Q20: =I20-SUM(M20:N20) -> 0
E21: Other costs | I21: =+G21*H21 -> 0 | Q21: =I21-SUM(M21:N21) -> 0
I22: =+G22*H22 -> 0 | Q22: =I22-SUM(M22:N22) -> 0
A23: =CONCATENATE(B23,"_",C23) -> #REF! | B23: =$F$2 -> 0 | C23: =CONCATENATE(#REF!,#REF!,#REF!,#REF!) -> #REF! | E23: ….Task 2…. | I23: =I24+I31 -> 4000 | J23: =I23/I86 -> 0.036330609 | M23: =M24+M31 -> 0 | N23: =N24+N31 -> 0 | Q23: =I23-SUM(M23:N23) -> 4000
A24: =CONCATENATE(B24,"_",C24) -> #REF! | B24: =$F$2 -> 0 | C24: =CONCATENATE(#REF!,#REF!,#REF!,#REF!) -> #REF! | E24: ….Task 2.1…. | I24: =SUBTOTAL(9,I25:I30) -> 2000 | M24: =SUM(M25:M30) -> 0 | N24: =SUM(N25:N30) -> 0 | Q24: =I24-SUM(M24:N24) -> 2000
A25: =CONCATENATE(B25,"_",C25) -> #REF! | B25: =$F$2 -> 0 | C25: =CONCATENATE(#REF!,#REF!,#REF!,#REF!) -> #REF! | E25: Training, Workshops | F25: Unit | G25: 1 | H25: 2000 | I25: =G25*H25 -> 2000 | Q25: =I25-SUM(M25:N25) -> 2000
E26: Conference, Seminars | I26: =G26*H26 -> 0 | Q26: =I26-SUM(M26:N26) -> 0
E27: Consultancies | I27: =G27*H27 -> 0 | Q27: =I27-SUM(M27:N27) -> 0
E28: Material purchases | I28: =G28*H28 -> 0 | Q28: =I28-SUM(M28:N28) -> 0
A29: =CONCATENATE(B29,"_",C29) -> #REF! | B29: =$F$2 -> 0 | C29: =CONCATENATE(#REF!,#REF!,#REF!,#REF!) -> #REF! | E29: Other costs | I29: =G29*H29 -> 0 | Q29: =I29-SUM(M29:N29) -> 0
I30: =G30*H30 -> 0 | Q30: =I30-SUM(M30:N30) -> 0
A31: =CONCATENATE(B31,"_",C31) -> #REF! | B31: =$F$2 -> 0 | C31: =CONCATENATE(#REF!,#REF!,#REF!,#REF!) -> #REF! | E31: ….Task 2.2…. | I31: =SUBTOTAL(9,I32:I36) -> 2000 | M31: =SUM(M32:M37) -> 0 | N31: =SUM(N32:N37) -> 0 | Q31: =I31-SUM(M31:N31) -> 2000
A32: =CONCATENATE(B32,"_",C32) -> #REF! | B32: =$F$2 -> 0 | C32: =CONCATENATE(#REF!,#REF!,#REF!,#REF!) -> #REF! | E32: Training, Workshops | F32: Unit | G32: 1 | H32: 2000 | I32: =G32*H32 -> 2000 | Q32: =I32-SUM(M32:N32) -> 2000
A33: =CONCATENATE(B33,"_",C33) -> #REF! | B33: =$F$2 -> 0 | C33: =CONCATENATE(#REF!,#REF!,#REF!,#REF!) -> #REF! | E33: Conference, Seminars | I33: =G33*H33 -> 0 | Q33: =I33-SUM(M33:N33) -> 0
E34: Consultancies | I34: =G34*H34 -> 0 | Q34: =I34-SUM(M34:N34) -> 0
E35: Material purchases | I35: =G35*H35 -> 0 | Q35: =I35-SUM(M35:N35) -> 0
E36: Other costs | I36: =G36*H36 -> 0 | Q36: =I36-SUM(M36:N36) -> 0
I37: =G37*H37 -> 0 | Q37: =I37-SUM(M37:N37) -> 0
A38: =CONCATENATE(B38,"_",C38) -> #REF! | B38: =$F$2 -> 0 | C38: =CONCATENATE(#REF!,#REF!,#REF!,#REF!) -> #REF! | E38: ….Task 3 …. | I38: =I39+I46 -> 4000 | J38: =I38/I86 -> 0.036330609 | M38: =M39+M46 -> 0 | N38: =N39+N46 -> 0 | Q38: =I38-SUM(M38:N38) -> 4000
A39: =CONCATENATE(B39,"_",C39) -> #REF! | B39: =$F$2 -> 0 | C39: =CONCATENATE(#REF!,#REF!,#REF!,#REF!) -> #REF! | E39: ….Task 3.1…. | I39: =SUBTOTAL(9,I40:I45) -> 2000 | M39: =SUM(M40:M45) -> 0 | N39: =SUM(N40:N45) -> 0 | Q39: =I39-SUM(M39:N39) -> 2000
A40: =CONCATENATE(B40,"_",C40) -> #REF! | B40: =$F$2 -> 0 | C40: =CONCATENATE(#REF!,#REF!,#REF!,#REF!) -> #REF! | E40: Training, Workshops | F40: Unit | G40: 1 | H40: 2000 | I40: =G40*H40 -> 2000 | Q40: =I40-SUM(M40:N40) -> 2000
E41: Conference, Seminars | I41: =G41*H41 -> 0 | Q41: =I41-SUM(M41:N41) -> 0
E42: Consultancies | I42: =G42*H42 -> 0 | Q42: =I42-SUM(M42:N42) -> 0
E43: Material purchases | I43: =G43*H43 -> 0 | Q43: =I43-SUM(M43:N43) -> 0
E44: Other costs | I44: =G44*H44 -> 0 | Q44: =I44-SUM(M44:N44) -> 0
I45: =G45*H45 -> 0 | Q45: =I45-SUM(M45:N45) -> 0
E46: ….Task 3.2…. | I46: =SUBTOTAL(9,I47:I52) -> 2000 | M46: =SUM(M47:M52) -> 0 | N46: =SUM(N47:N52) -> 0 | Q46: =I46-SUM(M46:N46) -> 2000
E47: Training, Workshops | F47: Unit | G47: 1 | H47: 2000 | I47: =G47*H47 -> 2000 | Q47: =I47-SUM(M47:N47) -> 2000
E48: Conference, Seminars | I48: =G48*H48 -> 0 | Q48: =I48-SUM(M48:N48) -> 0
E49: Consultancies | I49: =G49*H49 -> 0 | Q49: =I49-SUM(M49:N49) -> 0
E50: Material purchases | I50: =G50*H50 -> 0 | Q50: =I50-SUM(M50:N50) -> 0
E51: Other costs | I51: =G51*H51 -> 0 | Q51: =I51-SUM(M51:N51) -> 0
I52: =G52*H52 -> 0 | Q52: =I52-SUM(M52:N52) -> 0
E53: Cross Cutting Activities | I53: =SUM(I55:I58) -> 2000 | J53: =I53/I86 -> 0.018165304 | Q53: =I53-SUM(M53:N53) -> 2000
E55: Knowledge Management | F55: Lumpsum | G55: 1 | H55: 1500 | I55: =+G55*H55 -> 1500
E56: Communication and Dissemination | F56: Lumpsum | G56: 1 | H56: 500 | I56: =+G56*H56 -> 500
E57: Other Costs | I57: =+G57*H57 -> 0
I58: =+G58*H58 -> 0
A59: =CONCATENATE(B59,"_",C59) -> #REF! | B59: =$F$2 -> 0 | C59: =CONCATENATE(#REF!,#REF!,#REF!,#REF!) -> #REF! | E59: Human Resources | I59: =SUM(I61:I67) -> 85500 | J59: =I59/I86 -> 0.77656676 | M59: =M60 -> 0 | N59: =N60 -> 0 | Q59: =I59-SUM(M59:N59) -> 85500
A60: =CONCATENATE(B60,"_",C60) -> #REF! | B60: =$F$2 -> 0 | C60: =CONCATENATE(#REF!,#REF!,#REF!,#REF!) -> #REF! | F60: % | G60: months | H60: total | M60: =SUM(M61:M67) -> 0 | N60: =SUM(N61:N67) -> 0 | Q60: =I60-SUM(M60:N60) -> 0
E61: Project manager | F61: 1 | G61: 18 | H61: 4500 | I61: =+G61*H61*F61 -> 81000 | Q61: =I61-SUM(M61:N61) -> 81000
E62: Research manager | I62: =+G62*H62*F62 -> 0 | Q62: =I62-SUM(M62:N62) -> 0
E63: Research officer | I63: =+G63*H63*F63 -> 0 | Q63: =I63-SUM(M63:N63) -> 0
E64: Technical officer | I64: =+G64*H64*F64 -> 0 | Q64: =I64-SUM(M64:N64) -> 0
E65: Financial officer | I65: =+G65*H65*F65 -> 0 | Q65: =I65-SUM(M65:N65) -> 0
E66: Liaison officer | F66: 0.05 | G66: 18 | H66: 5000 | I66: =+G66*H66*F66 -> 4500 | Q66: =I66-SUM(M66:N66) -> 4500
I67: =+G67*H67*F67 -> 0 | Q67: =I67-SUM(M67:N67) -> 0
A68: =CONCATENATE(B68,"_",C68) -> #REF! | B68: =$F$2 -> 0 | C68: =CONCATENATE(#REF!,#REF!,#REF!,#REF!) -> #REF! | D68: a | E68: Operational Costs | I68: =I69+I74 -> 10600 | J68: =I68/I86 -> 0.096276113 | M68: =M69+M74+M86 -> 0 | N68: =N69+N74+N86 -> 0 | Q68: =I68-SUM(M68:N68) -> 10600
A69: =CONCATENATE(B69,"_",C69) -> #REF! | B69: =$F$2 -> 0 | C69: =CONCATENATE(#REF!,#REF!,#REF!,#REF!) -> #REF! | D69: a.1 | E69: Rent and office expenses | I69: =SUBTOTAL(9,I70:I73) -> 3600 | M69: =SUM(M70:M73) -> 0 | N69: =SUM(N70:N73) -> 0 | Q69: =I69-SUM(M69:N69) -> 3600
A70: =CONCATENATE(B70,"_",C70) -> #REF! | B70: =$F$2 -> 0 | C70: =CONCATENATE(#REF!,#REF!,#REF!,#REF!) -> #REF! | E70: Office infrastructure | F70: months | G70: 18 | H70: 200 | I70: =+G70*H70 -> 3600 | Q70: =I70-SUM(M70:N70) -> 3600
I71: =+G71*H71 -> 0 | Q71: =I71-SUM(M71:N71) -> 0
I72: =+G72*H72 -> 0 | Q72: =I72-SUM(M72:N72) -> 0
I73: =+G73*H73 -> 0 | Q73: =I73-SUM(M73:N73) -> 0
A74: =CONCATENATE(B74,"_",C74) -> #REF! | B74: =$F$2 -> 0 | C74: =CONCATENATE(#REF!,#REF!,#REF!,#REF!) -> #REF! | E74: Travel and per diem | F74: per trip | G74: No. Participants | I74: =SUBTOTAL(9,I75:I85) -> 7000 | M74: =SUM(M75:M85) -> 0 | N74: =SUM(N75:N85) -> 0 | Q74: =I74-SUM(M74:N74) -> 7000
E75: International mission costs, transport, accommodation and per diem | F75: per trip for all participants | G75: 4 | H75: 1500 | I75: =+G75*H75 -> 6000 | Q75: =I75-SUM(M75:N75) -> 6000
I76: =+G76*H76 -> 0 | Q76: =I76-SUM(M76:N76) -> 0
I77: =+G77*H77 -> 0 | Q77: =I77-SUM(M77:N77) -> 0
I78: =+G78*H78 -> 0 | Q78: =I78-SUM(M78:N78) -> 0
E79: National mission costs, transport, accommodation and per diem | F79: per trip for all participants | G79: 2 | H79: 500 | I79: =+G79*H79 -> 1000 | Q79: =I79-SUM(M79:N79) -> 1000
I80: =+G80*H80 -> 0 | Q80: =I80-SUM(M80:N80) -> 0
I81: =+G81*H81 -> 0 | Q81: =I81-SUM(M81:N81) -> 0
I82: =+G82*H82 -> 0 | Q82: =I82-SUM(M82:N82) -> 0
I83: =+G83*H83 -> 0 | Q83: =I83-SUM(M83:N83) -> 0
I84: =+G84*H84 -> 0 | Q84: =I84-SUM(M84:N84) -> 0
I85: =+G85*H85 -> 0 | Q85: =I85-SUM(M85:N85) -> 0
A86: =CONCATENATE(B86,"_",C86) -> _ | E86: SUBTOTAL DIRECT COSTS | I86: =I8+I23+I38+I59+I68+I53 -> 110100 | J86: =SUM(J8:J68) -> 1 | M86: =SUM(M87:M91) -> 0 | N86: =SUM(N87:N91) -> 0 | Q86: =I86-SUM(M86:N86) -> 110100
A87: =CONCATENATE(B87,"_",C87) -> #REF! | B87: =$F$2 -> 0 | C87: =CONCATENATE(#REF!,#REF!,#REF!,#REF!) -> #REF! | E87: Indirect costs | F87: % | G87: 7 | I87: =+I86*0.07 -> 7707 | Q87: =I87-SUM(M87:N87) -> 7707
E88: Contingency reserve (not eligible for HR costs) | F88: % | G88: 5 | I88: =I86*0.05 -> 5505 | Q88: =I88-SUM(M88:N88) -> 5505
A89: =CONCATENATE(B89,"_",C89) -> _ | E89: TOTAL | I89: =+I86+I87+I88 -> 123312 | Q89: =I89-SUM(M89:N89) -> 123312
Q90: =I90-SUM(M90:N90) -> 0
Q91: =I91-SUM(M91:N91) -> 0
M92: =SUM(M8+M23+M38+M59+M68) -> 0 | N92: =SUM(N8+N23+N38+N59+N68) -> 0 | Q92: =I92-SUM(M92:N92) -> 0
M93: =+M92*0.07 -> 0 | N93: =+N92*0.07 -> 0 | Q93: =I93-SUM(M93:N93) -> 0
Q94: =I94-SUM(M94:N94) -> 0
M95: =+M92+M93 -> 0 | N95: =+N92+N93 -> 0 | Q95: =I95-SUM(M95:N95) -> 0

Sheet Partner 3
E2: Project:
E3: partner organization:
F5: Details | M5: PLANNING
A6: UBW_code | E6: BUDGET TOTAL | F6: Unit | G6: Quantity | H6: Amount | I6: BUDGET TOTAL | J6: % | K6: Comments | M6: 1-10 months | N6: 11-18 months | O6: Comments | Q6: VARIANCE
A7: =CONCATENATE(B7,"_",C7) -> 0_A | B7: =$F$2 -> 0 | C7: A | E7: Specific Objective
A8: =CONCATENATE(B8,"_",C8) -> #REF! | B8: =$F$2 -> 0 | C8: =CONCATENATE(#REF!,#REF!,#REF!,#REF!) -> #REF! | E8: ….Task 1 …. | I8: =I9+I16 -> 4000 | J8: =I8/I86 -> 0.036330609 | M8: =M9 -> 0 | N8: =N9 -> 0 | Q8: =I8-SUM(M8:N8) -> 4000
A9: =CONCATENATE(B9,"_",C9) -> #REF! | B9: =$F$2 -> 0 | C9: =CONCATENATE(#REF!,#REF!,#REF!,#REF!) -> #REF! | E9: ….Task 1.1…. | I9: =SUBTOTAL(9,I10:I15) -> 2000 | M9: =SUM(M10:M15) -> 0 | N9: =SUM(N10:N15) -> 0 | Q9: =I9-SUM(M9:N9) -> 2000
A10: =CONCATENATE(B10,"_",C10) -> #REF! | B10: =$F$2 -> 0 | C10: =CONCATENATE(#REF!,#REF!,#REF!,#REF!) -> #REF! | E10: Training, Workshops | F10: Unit | G10: 1 | H10: 2000 | I10: =+G10*H10 -> 2000 | Q10: =I10-SUM(M10:N10) -> 2000
E11: Conference, Seminars | I11: =+G11*H11 -> 0 | Q11: =I11-SUM(M11:N11) -> 0
E12: Consultancies | I12: =+G12*H12 -> 0 | Q12: =I12-SUM(M12:N12) -> 0
E13: Material purchases | I13: =+G13*H13 -> 0 | Q13: =I13-SUM(M13:N13) -> 0
E14: Other costs | I14: =+G14*H14 -> 0 | Q14: =I14-SUM(M14:N14) -> 0
I15: =+G15*H15 -> 0 | Q15: =I15-SUM(M15:N15) -> 0
A16: =CONCATENATE(B16,"_",C16) -> #REF! | B16: =$F$2 -> 0 | C16: =CONCATENATE(#REF!,#REF!,#REF!,#REF!) -> #REF! | E16: ….Task 1.2…. | I16: =SUBTOTAL(9,I17:I22) -> 2000 | M16: =SUM(M17:M22) -> 0 | N16: =SUM(N17:N22) -> 0 | Q16: =I16-SUM(M16:N16) -> 2000
A17: =CONCATENATE(B17,"_",C17) -> #REF! | B17: =$F$2 -> 0 | C17: =CONCATENATE(#REF!,#REF!,#REF!,#REF!) -> #REF! | E17: Training, Workshops | F17: Unit | G17: 1 | H17: 2000 | I17: =+G17*H17 -> 2000 | Q17: =I17-SUM(M17:N17) -> 2000
E18: Conference, Seminars | I18: =+G18*H18 -> 0 | Q18: =I18-SUM(M18:N18) -> 0
E19: Consultancies | I19: =+G19*H19 -> 0 | Q19: =I19-SUM(M19:N19) -> 0
E20: Material purchases | I20: =+G20*H20 -> 0 | Q20: =I20-SUM(M20:N20) -> 0
E21: Other costs | I21: =+G21*H21 -> 0 | Q21: =I21-SUM(M21:N21) -> 0
I22: =+G22*H22 -> 0 | Q22: =I22-SUM(M22:N22) -> 0
A23: =CONCATENATE(B23,"_",C23) -> #REF! | B23: =$F$2 -> 0 | C23: =CONCATENATE(#REF!,#REF!,#REF!,#REF!) -> #REF! | E23: ….Task 2…. | I23: =I24+I31 -> 4000 | J23: =I23/I86 -> 0.036330609 | M23: =M24+M31 -> 0 | N23: =N24+N31 -> 0 | Q23: =I23-SUM(M23:N23) -> 4000
A24: =CONCATENATE(B24,"_",C24) -> #REF! | B24: =$F$2 -> 0 | C24: =CONCATENATE(#REF!,#REF!,#REF!,#REF!) -> #REF! | E24: ….Task 2.1…. | I24: =SUBTOTAL(9,I25:I30) -> 2000 | M24: =SUM(M25:M30) -> 0 | N24: =SUM(N25:N30) -> 0 | Q24: =I24-SUM(M24:N24) -> 2000
A25: =CONCATENATE(B25,"_",C25) -> #REF! | B25: =$F$2 -> 0 | C25: =CONCATENATE(#REF!,#REF!,#REF!,#REF!) -> #REF! | E25: Training, Workshops | F25: Unit | G25: 1 | H25: 2000 | I25: =G25*H25 -> 2000 | Q25: =I25-SUM(M25:N25) -> 2000
E26: Conference, Seminars | I26: =G26*H26 -> 0 | Q26: =I26-SUM(M26:N26) -> 0
E27: Consultancies | I27: =G27*H27 -> 0 | Q27: =I27-SUM(M27:N27) -> 0
E28: Material purchases | I28: =G28*H28 -> 0 | Q28: =I28-SUM(M28:N28) -> 0
A29: =CONCATENATE(B29,"_",C29) -> #REF! | B29: =$F$2 -> 0 | C29: =CONCATENATE(#REF!,#REF!,#REF!,#REF!) -> #REF! | E29: Other costs | I29: =G29*H29 -> 0 | Q29: =I29-SUM(M29:N29) -> 0
I30: =G30*H30 -> 0 | Q30: =I30-SUM(M30:N30) -> 0
A31: =CONCATENATE(B31,"_",C31) -> #REF! | B31: =$F$2 -> 0 | C31: =CONCATENATE(#REF!,#REF!,#REF!,#REF!) -> #REF! | E31: ….Task 2.2…. | I31: =SUBTOTAL(9,I32:I36) -> 2000 | M31: =SUM(M32:M37) -> 0 | N31: =SUM(N32:N37) -> 0 | Q31: =I31-SUM(M31:N31) -> 2000
A32: =CONCATENATE(B32,"_",C32) -> #REF! | B32: =$F$2 -> 0 | C32: =CONCATENATE(#REF!,#REF!,#REF!,#REF!) -> #REF! | E32: Training, Workshops | F32: Unit | G32: 1 | H32: 2000 | I32: =G32*H32 -> 2000 | Q32: =I32-SUM(M32:N32) -> 2000
A33: =CONCATENATE(B33,"_",C33) -> #REF! | B33: =$F$2 -> 0 | C33: =CONCATENATE(#REF!,#REF!,#REF!,#REF!) -> #REF! | E33: Conference, Seminars | I33: =G33*H33 -> 0 | Q33: =I33-SUM(M33:N33) -> 0
E34: Consultancies | I34: =G34*H34 -> 0 | Q34: =I34-SUM(M34:N34) -> 0
E35: Material purchases | I35: =G35*H35 -> 0 | Q35: =I35-SUM(M35:N35) -> 0
E36: Other costs | I36: =G36*H36 -> 0 | Q36: =I36-SUM(M36:N36) -> 0
I37: =G37*H37 -> 0 | Q37: =I37-SUM(M37:N37) -> 0
A38: =CONCATENATE(B38,"_",C38) -> #REF! | B38: =$F$2 -> 0 | C38: =CONCATENATE(#REF!,#REF!,#REF!,#REF!) -> #REF! | E38: ….Task 3 …. | I38: =I39+I46 -> 4000 | J38: =I38/I86 -> 0.036330609 | M38: =M39+M46 -> 0 | N38: =N39+N46 -> 0 | Q38: =I38-SUM(M38:N38) -> 4000
A39: =CONCATENATE(B39,"_",C39) -> #REF! | B39: =$F$2 -> 0 | C39: =CONCATENATE(#REF!,#REF!,#REF!,#REF!) -> #REF! | E39: ….Task 3.1…. | I39: =SUBTOTAL(9,I40:I45) -> 2000 | M39: =SUM(M40:M45) -> 0 | N39: =SUM(N40:N45) -> 0 | Q39: =I39-SUM(M39:N39) -> 2000
A40: =CONCATENATE(B40,"_",C40) -> #REF! | B40: =$F$2 -> 0 | C40: =CONCATENATE(#REF!,#REF!,#REF!,#REF!) -> #REF! | E40: Training, Workshops | F40: Unit | G40: 1 | H40: 2000 | I40: =G40*H40 -> 2000 | Q40: =I40-SUM(M40:N40) -> 2000
E41: Conference, Seminars | I41: =G41*H41 -> 0 | Q41: =I41-SUM(M41:N41) -> 0
E42: Consultancies | I42: =G42*H42 -> 0 | Q42: =I42-SUM(M42:N42) -> 0
E43: Material purchases | I43: =G43*H43 -> 0 | Q43: =I43-SUM(M43:N43) -> 0
E44: Other costs | I44: =G44*H44 -> 0 | Q44: =I44-SUM(M44:N44) -> 0
I45: =G45*H45 -> 0 | Q45: =I45-SUM(M45:N45) -> 0
E46: ….Task 3.2…. | I46: =SUBTOTAL(9,I47:I52) -> 2000 | M46: =SUM(M47:M52) -> 0 | N46: =SUM(N47:N52) -> 0 | Q46: =I46-SUM(M46:N46) -> 2000
E47: Training, Workshops | F47: Unit | G47: 1 | H47: 2000 | I47: =G47*H47 -> 2000 | Q47: =I47-SUM(M47:N47) -> 2000
E48: Conference, Seminars | I48: =G48*H48 -> 0 | Q48: =I48-SUM(M48:N48) -> 0
E49: Consultancies | I49: =G49*H49 -> 0 | Q49: =I49-SUM(M49:N49) -> 0
E50: Material purchases | I50: =G50*H50 -> 0 | Q50: =I50-SUM(M50:N50) -> 0
E51: Other costs | I51: =G51*H51 -> 0 | Q51: =I51-SUM(M51:N51) -> 0
I52: =G52*H52 -> 0 | Q52: =I52-SUM(M52:N52) -> 0
E53: Cross Cutting Activities | I53: =SUM(I55:I58) -> 2000 | J53: =I53/I86 -> 0.018165304 | Q53: =I53-SUM(M53:N53) -> 2000
E55: Knowledge Management | F55: Lumpsum | G55: 1 | H55: 1500 | I55: =+G55*H55 -> 1500
E56: Communication and Dissemination | F56: Lumpsum | G56: 1 | H56: 500 | I56: =+G56*H56 -> 500
E57: Other Costs | I57: =+G57*H57 -> 0
I58: =+G58*H58 -> 0
A59: =CONCATENATE(B59,"_",C59) -> #REF! | B59: =$F$2 -> 0 | C59: =CONCATENATE(#REF!,#REF!,#REF!,#REF!) -> #REF! | E59: Human Resources | I59: =SUM(I61:I67) -> 85500 | J59: =I59/I86 -> 0.77656676 | M59: =M60 -> 0 | N59: =N60 -> 0 | Q59: =I59-SUM(M59:N59) -> 85500
A60: =CONCATENATE(B60,"_",C60) -> #REF! | B60: =$F$2 -> 0 | C60: =CONCATENATE(#REF!,#REF!,#REF!,#REF!) -> #REF! | F60: % | G60: months | H60: total | M60: =SUM(M61:M67) -> 0 | N60: =SUM(N61:N67) -> 0 | Q60: =I60-SUM(M60:N60) -> 0
E61: Project manager | F61: 1 | G61: 18 | H61: 4500 | I61: =+G61*H61*F61 -> 81000 | Q61: =I61-SUM(M61:N61) -> 81000
E62: Research manager | I62: =+G62*H62*F62 -> 0 | Q62: =I62-SUM(M62:N62) -> 0
E63: Research officer | I63: =+G63*H63*F63 -> 0 | Q63: =I63-SUM(M63:N63) -> 0
E64: Technical officer | I64: =+G64*H64*F64 -> 0 | Q64: =I64-SUM(M64:N64) -> 0
E65: Financial officer | I65: =+G65*H65*F65 -> 0 | Q65: =I65-SUM(M65:N65) -> 0
E66: Liaison officer | F66: 0.05 | G66: 18 | H66: 5000 | I66: =+G66*H66*F66 -> 4500 | Q66: =I66-SUM(M66:N66) -> 4500
I67: =+G67*H67*F67 -> 0 | Q67: =I67-SUM(M67:N67) -> 0
A68: =CONCATENATE(B68,"_",C68) -> #REF! | B68: =$F$2 -> 0 | C68: =CONCATENATE(#REF!,#REF!,#REF!,#REF!) -> #REF! | D68: a | E68: Operational Costs | I68: =I69+I74 -> 10600 | J68: =I68/I86 -> 0.096276113 | M68: =M69+M74+M86 -> 0 | N68: =N69+N74+N86 -> 0 | Q68: =I68-SUM(M68:N68) -> 10600
A69: =CONCATENATE(B69,"_",C69) -> #REF! | B69: =$F$2 -> 0 | C69: =CONCATENATE(#REF!,#REF!,#REF!,#REF!) -> #REF! | D69: a.1 | E69: Rent and office expenses | I69: =SUBTOTAL(9,I70:I73) -> 3600 | M69: =SUM(M70:M73) -> 0 | N69: =SUM(N70:N73) -> 0 | Q69: =I69-SUM(M69:N69) -> 3600
A70: =CONCATENATE(B70,"_",C70) -> #REF! | B70: =$F$2 -> 0 | C70: =CONCATENATE(#REF!,#REF!,#REF!,#REF!) -> #REF! | E70: Office infrastructure | F70: months | G70: 18 | H70: 200 | I70: =+G70*H70 -> 3600 | Q70: =I70-SUM(M70:N70) -> 3600
I71: =+G71*H71 -> 0 | Q71: =I71-SUM(M71:N71) -> 0
I72: =+G72*H72 -> 0 | Q72: =I72-SUM(M72:N72) -> 0
I73: =+G73*H73 -> 0 | Q73: =I73-SUM(M73:N73) -> 0
A74: =CONCATENATE(B74,"_",C74) -> #REF! | B74: =$F$2 -> 0 | C74: =CONCATENATE(#REF!,#REF!,#REF!,#REF!) -> #REF! | E74: Travel and per diem | F74: per trip | G74: No. Participants | I74: =SUBTOTAL(9,I75:I85) -> 7000 | M74: =SUM(M75:M85) -> 0 | N74: =SUM(N75:N85) -> 0 | Q74: =I74-SUM(M74:N74) -> 7000
E75: International mission costs, transport, accommodation and per diem | F75: per trip for all participants | G75: 4 | H75: 1500 | I75: =+G75*H75 -> 6000 | Q75: =I75-SUM(M75:N75) -> 6000
I76: =+G76*H76 -> 0 | Q76: =I76-SUM(M76:N76) -> 0
I77: =+G77*H77 -> 0 | Q77: =I77-SUM(M77:N77) -> 0
I78: =+G78*H78 -> 0 | Q78: =I78-SUM(M78:N78) -> 0
E79: National mission costs, transport, accommodation and per diem | F79: per trip for all participants | G79: 2 | H79: 500 | I79: =+G79*H79 -> 1000 | Q79: =I79-SUM(M79:N79) -> 1000
I80: =+G80*H80 -> 0 | Q80: =I80-SUM(M80:N80) -> 0
I81: =+G81*H81 -> 0 | Q81: =I81-SUM(M81:N81) -> 0
I82: =+G82*H82 -> 0 | Q82: =I82-SUM(M82:N82) -> 0
I83: =+G83*H83 -> 0 | Q83: =I83-SUM(M83:N83) -> 0
I84: =+G84*H84 -> 0 | Q84: =I84-SUM(M84:N84) -> 0
I85: =+G85*H85 -> 0 | Q85: =I85-SUM(M85:N85) -> 0
A86: =CONCATENATE(B86,"_",C86) -> _ | E86: SUBTOTAL DIRECT COSTS | I86: =I8+I23+I38+I59+I68+I53 -> 110100 | J86: =SUM(J8:J68) -> 1 | M86: =SUM(M87:M91) -> 0 | N86: =SUM(N87:N91) -> 0 | Q86: =I86-SUM(M86:N86) -> 110100
A87: =CONCATENATE(B87,"_",C87) -> #REF! | B87: =$F$2 -> 0 | C87: =CONCATENATE(#REF!,#REF!,#REF!,#REF!) -> #REF! | E87: Indirect costs | F87: % | G87: 7 | I87: =+I86*0.07 -> 7707 | Q87: =I87-SUM(M87:N87) -> 7707
E88: Contingency reserve (not eligible for HR costs) | F88: % | G88: 5 | I88: =I86*0.05 -> 5505 | Q88: =I88-SUM(M88:N88) -> 5505
A89: =CONCATENATE(B89,"_",C89) -> _ | E89: TOTAL | I89: =+I86+I87+I88 -> 123312 | Q89: =I89-SUM(M89:N89) -> 123312
Q90: =I90-SUM(M90:N90) -> 0
Q91: =I91-SUM(M91:N91) -> 0
M92: =SUM(M8+M23+M38+M59+M68) -> 0 | N92: =SUM(N8+N23+N38+N59+N68) -> 0 | Q92: =I92-SUM(M92:N92) -> 0
M93: =+M92*0.07 -> 0 | N93: =+N92*0.07 -> 0 | Q93: =I93-SUM(M93:N93) -> 0
Q94: =I94-SUM(M94:N94) -> 0
M95: =+M92+M93 -> 0 | N95: =+N92+N93 -> 0 | Q95: =I95-SUM(M95:N95) -> 0

Sheet Partner 4
E2: Project:
E3: partner organization:
F5: Details | M5: PLANNING
A6: UBW_code | E6: BUDGET TOTAL | F6: Unit | G6: Quantity | H6: Amount | I6: BUDGET TOTAL | J6: % | K6: Comments | M6: 1-10 months | N6: 11-18 months | O6: Comments | Q6: VARIANCE
A7: =CONCATENATE(B7,"_",C7) -> 0_A | B7: =$F$2 -> 0 | C7: A | E7: Specific Objective
A8: =CONCATENATE(B8,"_",C8) -> #REF! | B8: =$F$2 -> 0 | C8: =CONCATENATE(#REF!,#REF!,#REF!,#REF!) -> #REF! | E8: ….Task 1 …. | I8: =I9+I16 -> 4000 | J8: =I8/I86 -> 0.036330609 | M8: =M9 -> 0 | N8: =N9 -> 0 | Q8: =I8-SUM(M8:N8) -> 4000
A9: =CONCATENATE(B9,"_",C9) -> #REF! | B9: =$F$2 -> 0 | C9: =CONCATENATE(#REF!,#REF!,#REF!,#REF!) -> #REF! | E9: ….Task 1.1…. | I9: =SUBTOTAL(9,I10:I15) -> 2000 | M9: =SUM(M10:M15) -> 0 | N9: =SUM(N10:N15) -> 0 | Q9: =I9-SUM(M9:N9) -> 2000
A10: =CONCATENATE(B10,"_",C10) -> #REF! | B10: =$F$2 -> 0 | C10: =CONCATENATE(#REF!,#REF!,#REF!,#REF!) -> #REF! | E10: Training, Workshops | F10: Unit | G10: 1 | H10: 2000 | I10: =+G10*H10 -> 2000 | Q10: =I10-SUM(M10:N10) -> 2000
E11: Conference, Seminars | I11: =+G11*H11 -> 0 | Q11: =I11-SUM(M11:N11) -> 0
E12: Consultancies | I12: =+G12*H12 -> 0 | Q12: =I12-SUM(M12:N12) -> 0
E13: Material purchases | I13: =+G13*H13 -> 0 | Q13: =I13-SUM(M13:N13) -> 0
E14: Other costs | I14: =+G14*H14 -> 0 | Q14: =I14-SUM(M14:N14) -> 0
I15: =+G15*H15 -> 0 | Q15: =I15-SUM(M15:N15) -> 0
A16: =CONCATENATE(B16,"_",C16) -> #REF! | B16: =$F$2 -> 0 | C16: =CONCATENATE(#REF!,#REF!,#REF!,#REF!) -> #REF! | E16: ….Task 1.2…. | I16: =SUBTOTAL(9,I17:I22) -> 2000 | M16: =SUM(M17:M22) -> 0 | N16: =SUM(N17:N22) -> 0 | Q16: =I16-SUM(M16:N16) -> 2000
A17: =CONCATENATE(B17,"_",C17) -> #REF! | B17: =$F$2 -> 0 | C17: =CONCATENATE(#REF!,#REF!,#REF!,#REF!) -> #REF! | E17: Training, Workshops | F17: Unit | G17: 1 | H17: 2000 | I17: =+G17*H17 -> 2000 | Q17: =I17-SUM(M17:N17) -> 2000
E18: Conference, Seminars | I18: =+G18*H18 -> 0 | Q18: =I18-SUM(M18:N18) -> 0
E19: Consultancies | I19: =+G19*H19 -> 0 | Q19: =I19-SUM(M19:N19) -> 0
E20: Material purchases | I20: =+G20*H20 -> 0 | Q20: =I20-SUM(M20:N20) -> 0
E21: Other costs | I21: =+G21*H21 -> 0 | Q21: =I21-SUM(M21:N21) -> 0
I22: =+G22*H22 -> 0 | Q22: =I22-SUM(M22:N22) -> 0
A23: =CONCATENATE(B23,"_",C23) -> #REF! | B23: =$F$2 -> 0 | C23: =CONCATENATE(#REF!,#REF!,#REF!,#REF!) -> #REF! | E23: ….Task 2…. | I23: =I24+I31 -> 4000 | J23: =I23/I86 -> 0.036330609 | M23: =M24+M31 -> 0 | N23: =N24+N31 -> 0 | Q23: =I23-SUM(M23:N23) -> 4000
A24: =CONCATENATE(B24,"_",C24) -> #REF! | B24: =$F$2 -> 0 | C24: =CONCATENATE(#REF!,#REF!,#REF!,#REF!) -> #REF! | E24: ….Task 2.1…. | I24: =SUBTOTAL(9,I25:I30) -> 2000 | M24: =SUM(M25:M30) -> 0 | N24: =SUM(N25:N30) -> 0 | Q24: =I24-SUM(M24:N24) -> 2000
A25: =CONCATENATE(B25,"_",C25) -> #REF! | B25: =$F$2 -> 0 | C25: =CONCATENATE(#REF!,#REF!,#REF!,#REF!) -> #REF! | E25: Training, Workshops | F25: Unit | G25: 1 | H25: 2000 | I25: =G25*H25 -> 2000 | Q25: =I25-SUM(M25:N25) -> 2000
E26: Conference, Seminars | I26: =G26*H26 -> 0 | Q26: =I26-SUM(M26:N26) -> 0
E27: Consultancies | I27: =G27*H27 -> 0 | Q27: =I27-SUM(M27:N27) -> 0
E28: Material purchases | I28: =G28*H28 -> 0 | Q28: =I28-SUM(M28:N28) -> 0
A29: =CONCATENATE(B29,"_",C29) -> #REF! | B29: =$F$2 -> 0 | C29: =CONCATENATE(#REF!,#REF!,#REF!,#REF!) -> #REF! | E29: Other costs | I29: =G29*H29 -> 0 | Q29: =I29-SUM(M29:N29) -> 0
I30: =G30*H30 -> 0 | Q30: =I30-SUM(M30:N30) -> 0
A31: =CONCATENATE(B31,"_",C31) -> #REF! | B31: =$F$2 -> 0 | C31: =CONCATENATE(#REF!,#REF!,#REF!,#REF!) -> #REF! | E31: ….Task 2.2…. | I31: =SUBTOTAL(9,I32:I36) -> 2000 | M31: =SUM(M32:M37) -> 0 | N31: =SUM(N32:N37) -> 0 | Q31: =I31-SUM(M31:N31) -> 2000
A32: =CONCATENATE(B32,"_",C32) -> #REF! | B32: =$F$2 -> 0 | C32: =CONCATENATE(#REF!,#REF!,#REF!,#REF!) -> #REF! | E32: Training, Workshops | F32: Unit | G32: 1 | H32: 2000 | I32: =G32*H32 -> 2000 | Q32: =I32-SUM(M32:N32) -> 2000
A33: =CONCATENATE(B33,"_",C33) -> #REF! | B33: =$F$2 -> 0 | C33: =CONCATENATE(#REF!,#REF!,#REF!,#REF!) -> #REF! | E33: Conference, Seminars | I33: =G33*H33 -> 0 | Q33: =I33-SUM(M33:N33) -> 0
E34: Consultancies | I34: =G34*H34 -> 0 | Q34: =I34-SUM(M34:N34) -> 0
E35: Material purchases | I35: =G35*H35 -> 0 | Q35: =I35-SUM(M35:N35) -> 0
E36: Other costs | I36: =G36*H36 -> 0 | Q36: =I36-SUM(M36:N36) -> 0
I37: =G37*H37 -> 0 | Q37: =I37-SUM(M37:N37) -> 0
A38: =CONCATENATE(B38,"_",C38) -> #REF! | B38: =$F$2 -> 0 | C38: =CONCATENATE(#REF!,#REF!,#REF!,#REF!) -> #REF! | E38: ….Task 3 …. | I38: =I39+I46 -> 4000 | J38: =I38/I86 -> 0.036330609 | M38: =M39+M46 -> 0 | N38: =N39+N46 -> 0 | Q38: =I38-SUM(M38:N38) -> 4000
A39: =CONCATENATE(B39,"_",C39) -> #REF! | B39: =$F$2 -> 0 | C39: =CONCATENATE(#REF!,#REF!,#REF!,#REF!) -> #REF! | E39: ….Task 3.1…. | I39: =SUBTOTAL(9,I40:I45) -> 2000 | M39: =SUM(M40:M45) -> 0 | N39: =SUM(N40:N45) -> 0 | Q39: =I39-SUM(M39:N39) -> 2000
A40: =CONCATENATE(B40,"_",C40) -> #REF! | B40: =$F$2 -> 0 | C40: =CONCATENATE(#REF!,#REF!,#REF!,#REF!) -> #REF! | E40: Training, Workshops | F40: Unit | G40: 1 | H40: 2000 | I40: =G40*H40 -> 2000 | Q40: =I40-SUM(M40:N40) -> 2000
E41: Conference, Seminars | I41: =G41*H41 -> 0 | Q41: =I41-SUM(M41:N41) -> 0
E42: Consultancies | I42: =G42*H42 -> 0 | Q42: =I42-SUM(M42:N42) -> 0
E43: Material purchases | I43: =G43*H43 -> 0 | Q43: =I43-SUM(M43:N43) -> 0
E44: Other costs | I44: =G44*H44 -> 0 | Q44: =I44-SUM(M44:N44) -> 0
I45: =G45*H45 -> 0 | Q45: =I45-SUM(M45:N45) -> 0
E46: ….Task 3.2…. | I46: =SUBTOTAL(9,I47:I52) -> 2000 | M46: =SUM(M47:M52) -> 0 | N46: =SUM(N47:N52) -> 0 | Q46: =I46-SUM(M46:N46) -> 2000
E47: Training, Workshops | F47: Unit | G47: 1 | H47: 2000 | I47: =G47*H47 -> 2000 | Q47: =I47-SUM(M47:N47) -> 2000
E48: Conference, Seminars | I48: =G48*H48 -> 0 | Q48: =I48-SUM(M48:N48) -> 0
E49: Consultancies | I49: =G49*H49 -> 0 | Q49: =I49-SUM(M49:N49) -> 0
E50: Material purchases | I50: =G50*H50 -> 0 | Q50: =I50-SUM(M50:N50) -> 0
E51: Other costs | I51: =G51*H51 -> 0 | Q51: =I51-SUM(M51:N51) -> 0
I52: =G52*H52 -> 0 | Q52: =I52-SUM(M52:N52) -> 0
E53: Cross Cutting Activities | I53: =SUM(I55:I58) -> 2000 | J53: =I53/I86 -> 0.018165304 | Q53: =I53-SUM(M53:N53) -> 2000
E55: Knowledge Management | F55: Lumpsum | G55: 1 | H55: 1500 | I55: =+G55*H55 -> 1500
E56: Communication and Dissemination | F56: Lumpsum | G56: 1 | H56: 500 | I56: =+G56*H56 -> 500
E57: Other Costs | I57: =+G57*H57 -> 0
I58: =+G58*H58 -> 0
A59: =CONCATENATE(B59,"_",C59) -> #REF! | B59: =$F$2 -> 0 | C59: =CONCATENATE(#REF!,#REF!,#REF!,#REF!) -> #REF! | E59: Human Resources | I59: =SUM(I61:I67) -> 85500 | J59: =I59/I86 -> 0.77656676 | M59: =M60 -> 0 | N59: =N60 -> 0 | Q59: =I59-SUM(M59:N59) -> 85500
A60: =CONCATENATE(B60,"_",C60) -> #REF! | B60: =$F$2 -> 0 | C60: =CONCATENATE(#REF!,#REF!,#REF!,#REF!) -> #REF! | F60: % | G60: months | H60: total | M60: =SUM(M61:M67) -> 0 | N60: =SUM(N61:N67) -> 0 | Q60: =I60-SUM(M60:N60) -> 0
E61: Project manager | F61: 1 | G61: 18 | H61: 4500 | I61: =+G61*H61*F61 -> 81000 | Q61: =I61-SUM(M61:N61) -> 81000
E62: Research manager | I62: =+G62*H62*F62 -> 0 | Q62: =I62-SUM(M62:N62) -> 0
E63: Research officer | I63: =+G63*H63*F63 -> 0 | Q63: =I63-SUM(M63:N63) -> 0
E64: Technical officer | I64: =+G64*H64*F64 -> 0 | Q64: =I64-SUM(M64:N64) -> 0
E65: Financial officer | I65: =+G65*H65*F65 -> 0 | Q65: =I65-SUM(M65:N65) -> 0
E66: Liaison officer | F66: 0.05 | G66: 18 | H66: 5000 | I66: =+G66*H66*F66 -> 4500 | Q66: =I66-SUM(M66:N66) -> 4500
I67: =+G67*H67*F67 -> 0 | Q67: =I67-SUM(M67:N67) -> 0
A68: =CONCATENATE(B68,"_",C68) -> #REF! | B68: =$F$2 -> 0 | C68: =CONCATENATE(#REF!,#REF!,#REF!,#REF!) -> #REF! | D68: a | E68: Operational Costs | I68: =I69+I74 -> 10600 | J68: =I68/I86 -> 0.096276113 | M68: =M69+M74+M86 -> 0 | N68: =N69+N74+N86 -> 0 | Q68: =I68-SUM(M68:N68) -> 10600
A69: =CONCATENATE(B69,"_",C69) -> #REF! | B69: =$F$2 -> 0 | C69: =CONCATENATE(#REF!,#REF!,#REF!,#REF!) -> #REF! | D69: a.1 | E69: Rent and office expenses | I69: =SUBTOTAL(9,I70:I73) -> 3600 | M69: =SUM(M70:M73) -> 0 | N69: =SUM(N70:N73) -> 0 | Q69: =I69-SUM(M69:N69) -> 3600
A70: =CONCATENATE(B70,"_",C70) -> #REF! | B70: =$F$2 -> 0 | C70: =CONCATENATE(#REF!,#REF!,#REF!,#REF!) -> #REF! | E70: Office infrastructure | F70: months | G70: 18 | H70: 200 | I70: =+G70*H70 -> 3600 | Q70: =I70-SUM(M70:N70) -> 3600
I71: =+G71*H71 -> 0 | Q71: =I71-SUM(M71:N71) -> 0
I72: =+G72*H72 -> 0 | Q72: =I72-SUM(M72:N72) -> 0
I73: =+G73*H73 -> 0 | Q73: =I73-SUM(M73:N73) -> 0
A74: =CONCATENATE(B74,"_",C74) -> #REF! | B74: =$F$2 -> 0 | C74: =CONCATENATE(#REF!,#REF!,#REF!,#REF!) -> #REF! | E74: Travel and per diem | F74: per trip | G74: No. Participants | I74: =SUBTOTAL(9,I75:I85) -> 7000 | M74: =SUM(M75:M85) -> 0 | N74: =SUM(N75:N85) -> 0 | Q74: =I74-SUM(M74:N74) -> 7000
E75: International mission costs, transport, accommodation and per diem | F75: per trip for all participants | G75: 4 | H75: 1500 | I75: =+G75*H75 -> 6000 | Q75: =I75-SUM(M75:N75) -> 6000
I76: =+G76*H76 -> 0 | Q76: =I76-SUM(M76:N76) -> 0
I77: =+G77*H77 -> 0 | Q77: =I77-SUM(M77:N77) -> 0
I78: =+G78*H78 -> 0 | Q78: =I78-SUM(M78:N78) -> 0
E79: National mission costs, transport, accommodation and per diem | F79: per trip for all participants | G79: 2 | H79: 500 | I79: =+G79*H79 -> 1000 | Q79: =I79-SUM(M79:N79) -> 1000
I80: =+G80*H80 -> 0 | Q80: =I80-SUM(M80:N80) -> 0
I81: =+G81*H81 -> 0 | Q81: =I81-SUM(M81:N81) -> 0
I82: =+G82*H82 -> 0 | Q82: =I82-SUM(M82:N82) -> 0
I83: =+G83*H83 -> 0 | Q83: =I83-SUM(M83:N83) -> 0
I84: =+G84*H84 -> 0 | Q84: =I84-SUM(M84:N84) -> 0
I85: =+G85*H85 -> 0 | Q85: =I85-SUM(M85:N85) -> 0
A86: =CONCATENATE(B86,"_",C86) -> _ | E86: SUBTOTAL DIRECT COSTS | I86: =I8+I23+I38+I59+I68+I53 -> 110100 | J86: =SUM(J8:J68) -> 1 | M86: =SUM(M87:M91) -> 0 | N86: =SUM(N87:N91) -> 0 | Q86: =I86-SUM(M86:N86) -> 110100
A87: =CONCATENATE(B87,"_",C87) -> #REF! | B87: =$F$2 -> 0 | C87: =CONCATENATE(#REF!,#REF!,#REF!,#REF!) -> #REF! | E87: Indirect costs | F87: % | G87: 7 | I87: =+I86*0.07 -> 7707 | Q87: =I87-SUM(M87:N87) -> 7707
E88: Contingency reserve (not eligible for HR costs) | F88: % | G88: 5 | I88: =I86*0.05 -> 5505 | Q88: =I88-SUM(M88:N88) -> 5505
A89: =CONCATENATE(B89,"_",C89) -> _ | E89: TOTAL | I89: =+I86+I87+I88 -> 123312 | Q89: =I89-SUM(M89:N89) -> 123312
Q90: =I90-SUM(M90:N90) -> 0
Q91: =I91-SUM(M91:N91) -> 0
M92: =SUM(M8+M23+M38+M59+M68) -> 0 | N92: =SUM(N8+N23+N38+N59+N68) -> 0 | Q92: =I92-SUM(M92:N92) -> 0
M93: =+M92*0.07 -> 0 | N93: =+N92*0.07 -> 0 | Q93: =I93-SUM(M93:N93) -> 0
Q94: =I94-SUM(M94:N94) -> 0
M95: =+M92+M93 -> 0 | N95: =+N92+N93 -> 0 | Q95: =I95-SUM(M95:N95) -> 0

Sheet Partner 5
E2: Project:
E3: partner organization:
F5: Details | M5: PLANNING
A6: UBW_code | E6: BUDGET TOTAL | F6: Unit | G6: Quantity | H6: Amount | I6: BUDGET TOTAL | J6: % | K6: Comments | M6: 1-10 months | N6: 11-18 months | O6: Comments | Q6: VARIANCE
A7: =CONCATENATE(B7,"_",C7) -> 0_A | B7: =$F$2 -> 0 | C7: A | E7: Specific Objective
A8: =CONCATENATE(B8,"_",C8) -> #REF! | B8: =$F$2 -> 0 | C8: =CONCATENATE(#REF!,#REF!,#REF!,#REF!) -> #REF! | E8: ….Task 1 …. | I8: =I9+I16 -> 4000 | J8: =I8/I86 -> 0.036330609 | M8: =M9 -> 0 | N8: =N9 -> 0 | Q8: =I8-SUM(M8:N8) -> 4000
A9: =CONCATENATE(B9,"_",C9) -> #REF! | B9: =$F$2 -> 0 | C9: =CONCATENATE(#REF!,#REF!,#REF!,#REF!) -> #REF! | E9: ….Task 1.1…. | I9: =SUBTOTAL(9,I10:I15) -> 2000 | M9: =SUM(M10:M15) -> 0 | N9: =SUM(N10:N15) -> 0 | Q9: =I9-SUM(M9:N9) -> 2000
A10: =CONCATENATE(B10,"_",C10) -> #REF! | B10: =$F$2 -> 0 | C10: =CONCATENATE(#REF!,#REF!,#REF!,#REF!) -> #REF! | E10: Training, Workshops | F10: Unit | G10: 1 | H10: 2000 | I10: =+G10*H10 -> 2000 | Q10: =I10-SUM(M10:N10) -> 2000
E11: Conference, Seminars | I11: =+G11*H11 -> 0 | Q11: =I11-SUM(M11:N11) -> 0
E12: Consultancies | I12: =+G12*H12 -> 0 | Q12: =I12-SUM(M12:N12) -> 0
E13: Material purchases | I13: =+G13*H13 -> 0 | Q13: =I13-SUM(M13:N13) -> 0
E14: Other costs | I14: =+G14*H14 -> 0 | Q14: =I14-SUM(M14:N14) -> 0
I15: =+G15*H15 -> 0 | Q15: =I15-SUM(M15:N15) -> 0
A16: =CONCATENATE(B16,"_",C16) -> #REF! | B16: =$F$2 -> 0 | C16: =CONCATENATE(#REF!,#REF!,#REF!,#REF!) -> #REF! | E16: ….Task 1.2…. | I16: =SUBTOTAL(9,I17:I22) -> 2000 | M16: =SUM(M17:M22) -> 0 | N16: =SUM(N17:N22) -> 0 | Q16: =I16-SUM(M16:N16) -> 2000
A17: =CONCATENATE(B17,"_",C17) -> #REF! | B17: =$F$2 -> 0 | C17: =CONCATENATE(#REF!,#REF!,#REF!,#REF!) -> #REF! | E17: Training, Workshops | F17: Unit | G17: 1 | H17: 2000 | I17: =+G17*H17 -> 2000 | Q17: =I17-SUM(M17:N17) -> 2000
E18: Conference, Seminars | I18: =+G18*H18 -> 0 | Q18: =I18-SUM(M18:N18) -> 0
E19: Consultancies | I19: =+G19*H19 -> 0 | Q19: =I19-SUM(M19:N19) -> 0
E20: Material purchases | I20: =+G20*H20 -> 0 | Q20: =I20-SUM(M20:N20) -> 0
E21: Other costs | I21: =+G21*H21 -> 0 | Q21: =I21-SUM(M21:N21) -> 0
I22: =+G22*H22 -> 0 | Q22: =I22-SUM(M22:N22) -> 0
A23: =CONCATENATE(B23,"_",C23) -> #REF! | B23: =$F$2 -> 0 | C23: =CONCATENATE(#REF!,#REF!,#REF!,#REF!) -> #REF! | E23: ….Task 2…. | I23: =I24+I31 -> 4000 | J23: =I23/I86 -> 0.036330609 | M23: =M24+M31 -> 0 | N23: =N24+N31 -> 0 | Q23: =I23-SUM(M23:N23) -> 4000
A24: =CONCATENATE(B24,"_",C24) -> #REF! | B24: =$F$2 -> 0 | C24: =CONCATENATE(#REF!,#REF!,#REF!,#REF!) -> #REF! | E24: ….Task 2.1…. | I24: =SUBTOTAL(9,I25:I30) -> 2000 | M24: =SUM(M25:M30) -> 0 | N24: =SUM(N25:N30) -> 0 | Q24: =I24-SUM(M24:N24) -> 2000
A25: =CONCATENATE(B25,"_",C25) -> #REF! | B25: =$F$2 -> 0 | C25: =CONCATENATE(#REF!,#REF!,#REF!,#REF!) -> #REF! | E25: Training, Workshops | F25: Unit | G25: 1 | H25: 2000 | I25: =G25*H25 -> 2000 | Q25: =I25-SUM(M25:N25) -> 2000
E26: Conference, Seminars | I26: =G26*H26 -> 0 | Q26: =I26-SUM(M26:N26) -> 0
E27: Consultancies | I27: =G27*H27 -> 0 | Q27: =I27-SUM(M27:N27) -> 0
E28: Material purchases | I28: =G28*H28 -> 0 | Q28: =I28-SUM(M28:N28) -> 0
A29: =CONCATENATE(B29,"_",C29) -> #REF! | B29: =$F$2 -> 0 | C29: =CONCATENATE(#REF!,#REF!,#REF!,#REF!) -> #REF! | E29: Other costs | I29: =G29*H29 -> 0 | Q29: =I29-SUM(M29:N29) -> 0
I30: =G30*H30 -> 0 | Q30: =I30-SUM(M30:N30) -> 0
A31: =CONCATENATE(B31,"_",C31) -> #REF! | B31: =$F$2 -> 0 | C31: =CONCATENATE(#REF!,#REF!,#REF!,#REF!) -> #REF! | E31: ….Task 2.2…. | I31: =SUBTOTAL(9,I32:I36) -> 2000 | M31: =SUM(M32:M37) -> 0 | N31: =SUM(N32:N37) -> 0 | Q31: =I31-SUM(M31:N31) -> 2000
A32: =CONCATENATE(B32,"_",C32) -> #REF! | B32: =$F$2 -> 0 | C32: =CONCATENATE(#REF!,#REF!,#REF!,#REF!) -> #REF! | E32: Training, Workshops | F32: Unit | G32: 1 | H32: 2000 | I32: =G32*H32 -> 2000 | Q32: =I32-SUM(M32:N32) -> 2000
A33: =CONCATENATE(B33,"_",C33) -> #REF! | B33: =$F$2 -> 0 | C33: =CONCATENATE(#REF!,#REF!,#REF!,#REF!) -> #REF! | E33: Conference, Seminars | I33: =G33*H33 -> 0 | Q33: =I33-SUM(M33:N33) -> 0
E34: Consultancies | I34: =G34*H34 -> 0 | Q34: =I34-SUM(M34:N34) -> 0
E35: Material purchases | I35: =G35*H35 -> 0 | Q35: =I35-SUM(M35:N35) -> 0
E36: Other costs | I36: =G36*H36 -> 0 | Q36: =I36-SUM(M36:N36) -> 0
I37: =G37*H37 -> 0 | Q37: =I37-SUM(M37:N37) -> 0
A38: =CONCATENATE(B38,"_",C38) -> #REF! | B38: =$F$2 -> 0 | C38: =CONCATENATE(#REF!,#REF!,#REF!,#REF!) -> #REF! | E38: ….Task 3 …. | I38: =I39+I46 -> 4000 | J38: =I38/I86 -> 0.036330609 | M38: =M39+M46 -> 0 | N38: =N39+N46 -> 0 | Q38: =I38-SUM(M38:N38) -> 4000
A39: =CONCATENATE(B39,"_",C39) -> #REF! | B39: =$F$2 -> 0 | C39: =CONCATENATE(#REF!,#REF!,#REF!,#REF!) -> #REF! | E39: ….Task 3.1…. | I39: =SUBTOTAL(9,I40:I45) -> 2000 | M39: =SUM(M40:M45) -> 0 | N39: =SUM(N40:N45) -> 0 | Q39: =I39-SUM(M39:N39) -> 2000
A40: =CONCATENATE(B40,"_",C40) -> #REF! | B40: =$F$2 -> 0 | C40: =CONCATENATE(#REF!,#REF!,#REF!,#REF!) -> #REF! | E40: Training, Workshops | F40: Unit | G40: 1 | H40: 2000 | I40: =G40*H40 -> 2000 | Q40: =I40-SUM(M40:N40) -> 2000
E41: Conference, Seminars | I41: =G41*H41 -> 0 | Q41: =I41-SUM(M41:N41) -> 0
E42: Consultancies | I42: =G42*H42 -> 0 | Q42: =I42-SUM(M42:N42) -> 0
E43: Material purchases | I43: =G43*H43 -> 0 | Q43: =I43-SUM(M43:N43) -> 0
E44: Other costs | I44: =G44*H44 -> 0 | Q44: =I44-SUM(M44:N44) -> 0
I45: =G45*H45 -> 0 | Q45: =I45-SUM(M45:N45) -> 0
E46: ….Task 3.2…. | I46: =SUBTOTAL(9,I47:I52) -> 2000 | M46: =SUM(M47:M52) -> 0 | N46: =SUM(N47:N52) -> 0 | Q46: =I46-SUM(M46:N46) -> 2000
E47: Training, Workshops | F47: Unit | G47: 1 | H47: 2000 | I47: =G47*H47 -> 2000 | Q47: =I47-SUM(M47:N47) -> 2000
E48: Conference, Seminars | I48: =G48*H48 -> 0 | Q48: =I48-SUM(M48:N48) -> 0
E49: Consultancies | I49: =G49*H49 -> 0 | Q49: =I49-SUM(M49:N49) -> 0
E50: Material purchases | I50: =G50*H50 -> 0 | Q50: =I50-SUM(M50:N50) -> 0
E51: Other costs | I51: =G51*H51 -> 0 | Q51: =I51-SUM(M51:N51) -> 0
I52: =G52*H52 -> 0 | Q52: =I52-SUM(M52:N52) -> 0
E53: Cross Cutting Activities | I53: =SUM(I55:I58) -> 2000 | J53: =I53/I86 -> 0.018165304 | Q53: =I53-SUM(M53:N53) -> 2000
E55: Knowledge Management | F55: Lumpsum | G55: 1 | H55: 1500 | I55: =+G55*H55 -> 1500
E56: Communication and Dissemination | F56: Lumpsum | G56: 1 | H56: 500 | I56: =+G56*H56 -> 500
E57: Other Costs | I57: =+G57*H57 -> 0
I58: =+G58*H58 -> 0
A59: =CONCATENATE(B59,"_",C59) -> #REF! | B59: =$F$2 -> 0 | C59: =CONCATENATE(#REF!,#REF!,#REF!,#REF!) -> #REF! | E59: Human Resources | I59: =SUM(I61:I67) -> 85500 | J59: =I59/I86 -> 0.77656676 | M59: =M60 -> 0 | N59: =N60 -> 0 | Q59: =I59-SUM(M59:N59) -> 85500
A60: =CONCATENATE(B60,"_",C60) -> #REF! | B60: =$F$2 -> 0 | C60: =CONCATENATE(#REF!,#REF!,#REF!,#REF!) -> #REF! | F60: % | G60: months | H60: total | M60: =SUM(M61:M67) -> 0 | N60: =SUM(N61:N67) -> 0 | Q60: =I60-SUM(M60:N60) -> 0
E61: Project manager | F61: 1 | G61: 18 | H61: 4500 | I61: =+G61*H61*F61 -> 81000 | Q61: =I61-SUM(M61:N61) -> 81000
E62: Research manager | I62: =+G62*H62*F62 -> 0 | Q62: =I62-SUM(M62:N62) -> 0
E63: Research officer | I63: =+G63*H63*F63 -> 0 | Q63: =I63-SUM(M63:N63) -> 0
E64: Technical officer | I64: =+G64*H64*F64 -> 0 | Q64: =I64-SUM(M64:N64) -> 0
E65: Financial officer | I65: =+G65*H65*F65 -> 0 | Q65: =I65-SUM(M65:N65) -> 0
E66: Liaison officer | F66: 0.05 | G66: 18 | H66: 5000 | I66: =+G66*H66*F66 -> 4500 | Q66: =I66-SUM(M66:N66) -> 4500
I67: =+G67*H67*F67 -> 0 | Q67: =I67-SUM(M67:N67) -> 0
A68: =CONCATENATE(B68,"_",C68) -> #REF! | B68: =$F$2 -> 0 | C68: =CONCATENATE(#REF!,#REF!,#REF!,#REF!) -> #REF! | D68: a | E68: Operational Costs | I68: =I69+I74 -> 10600 | J68: =I68/I86 -> 0.096276113 | M68: =M69+M74+M86 -> 0 | N68: =N69+N74+N86 -> 0 | Q68: =I68-SUM(M68:N68) -> 10600
A69: =CONCATENATE(B69,"_",C69) -> #REF! | B69: =$F$2 -> 0 | C69: =CONCATENATE(#REF!,#REF!,#REF!,#REF!) -> #REF! | D69: a.1 | E69: Rent and office expenses | I69: =SUBTOTAL(9,I70:I73) -> 3600 | M69: =SUM(M70:M73) -> 0 | N69: =SUM(N70:N73) -> 0 | Q69: =I69-SUM(M69:N69) -> 3600
A70: =CONCATENATE(B70,"_",C70) -> #REF! | B70: =$F$2 -> 0 | C70: =CONCATENATE(#REF!,#REF!,#REF!,#REF!) -> #REF! | E70: Office infrastructure | F70: months | G70: 18 | H70: 200 | I70: =+G70*H70 -> 3600 | Q70: =I70-SUM(M70:N70) -> 3600
I71: =+G71*H71 -> 0 | Q71: =I71-SUM(M71:N71) -> 0
I72: =+G72*H72 -> 0 | Q72: =I72-SUM(M72:N72) -> 0
I73: =+G73*H73 -> 0 | Q73: =I73-SUM(M73:N73) -> 0
A74: =CONCATENATE(B74,"_",C74) -> #REF! | B74: =$F$2 -> 0 | C74: =CONCATENATE(#REF!,#REF!,#REF!,#REF!) -> #REF! | E74: Travel and per diem | F74: per trip | G74: No. Participants | I74: =SUBTOTAL(9,I75:I85) -> 7000 | M74: =SUM(M75:M85) -> 0 | N74: =SUM(N75:N85) -> 0 | Q74: =I74-SUM(M74:N74) -> 7000
E75: International mission costs, transport, accommodation and per diem | F75: per trip for all participants | G75: 4 | H75: 1500 | I75: =+G75*H75 -> 6000 | Q75: =I75-SUM(M75:N75) -> 6000
I76: =+G76*H76 -> 0 | Q76: =I76-SUM(M76:N76) -> 0
I77: =+G77*H77 -> 0 | Q77: =I77-SUM(M77:N77) -> 0
I78: =+G78*H78 -> 0 | Q78: =I78-SUM(M78:N78) -> 0
E79: National mission costs, transport, accommodation and per diem | F79: per trip for all participants | G79: 2 | H79: 500 | I79: =+G79*H79 -> 1000 | Q79: =I79-SUM(M79:N79) -> 1000
I80: =+G80*H80 -> 0 | Q80: =I80-SUM(M80:N80) -> 0
I81: =+G81*H81 -> 0 | Q81: =I81-SUM(M81:N81) -> 0
I82: =+G82*H82 -> 0 | Q82: =I82-SUM(M82:N82) -> 0
I83: =+G83*H83 -> 0 | Q83: =I83-SUM(M83:N83) -> 0
I84: =+G84*H84 -> 0 | Q84: =I84-SUM(M84:N84) -> 0
I85: =+G85*H85 -> 0 | Q85: =I85-SUM(M85:N85) -> 0
A86: =CONCATENATE(B86,"_",C86) -> _ | E86: SUBTOTAL DIRECT COSTS | I86: =I8+I23+I38+I59+I68+I53 -> 110100 | J86: =SUM(J8:J68) -> 1 | M86: =SUM(M87:M91) -> 0 | N86: =SUM(N87:N91) -> 0 | Q86: =I86-SUM(M86:N86) -> 110100
A87: =CONCATENATE(B87,"_",C87) -> #REF! | B87: =$F$2 -> 0 | C87: =CONCATENATE(#REF!,#REF!,#REF!,#REF!) -> #REF! | E87: Indirect costs | F87: % | G87: 7 | I87: =+I86*0.07 -> 7707 | Q87: =I87-SUM(M87:N87) -> 7707
E88: Contingency reserve (not eligible for HR costs) | F88: % | G88: 5 | I88: =I86*0.05 -> 5505 | Q88: =I88-SUM(M88:N88) -> 5505
A89: =CONCATENATE(B89,"_",C89) -> _ | E89: TOTAL | I89: =+I86+I87+I88 -> 123312 | Q89: =I89-SUM(M89:N89) -> 123312
Q90: =I90-SUM(M90:N90) -> 0
Q91: =I91-SUM(M91:N91) -> 0
M92: =SUM(M8+M23+M38+M59+M68) -> 0 | N92: =SUM(N8+N23+N38+N59+N68) -> 0 | Q92: =I92-SUM(M92:N92) -> 0
M93: =+M92*0.07 -> 0 | N93: =+N92*0.07 -> 0 | Q93: =I93-SUM(M93:N93) -> 0
Q94: =I94-SUM(M94:N94) -> 0
M95: =+M92+M93 -> 0 | N95: =+N92+N93 -> 0 | Q95: =I95-SUM(M95:N95) -> 0

Sheet Partner 6
E2: Project:
E3: partner organization:
F5: Details | M5: PLANNING
A6: UBW_code | E6: BUDGET TOTAL | F6: Unit | G6: Quantity | H6: Amount | I6: BUDGET TOTAL | J6: % | K6: Comments | M6: 1-10 months | N6: 11-18 months | O6: Comments | Q6: VARIANCE
A7: =CONCATENATE(B7,"_",C7) -> 0_A | B7: =$F$2 -> 0 | C7: A | E7: Specific Objective
A8: =CONCATENATE(B8,"_",C8) -> #REF! | B8: =$F$2 -> 0 | C8: =CONCATENATE(#REF!,#REF!,#REF!,#REF!) -> #REF! | E8: ….Task 1 …. | I8: =I9+I16 -> 4000 | J8: =I8/I86 -> 0.036330609 | M8: =M9 -> 0 | N8: =N9 -> 0 | Q8: =I8-SUM(M8:N8) -> 4000
A9: =CONCATENATE(B9,"_",C9) -> #REF! | B9: =$F$2 -> 0 | C9: =CONCATENATE(#REF!,#REF!,#REF!,#REF!) -> #REF! | E9: ….Task 1.1…. | I9: =SUBTOTAL(9,I10:I15) -> 2000 | M9: =SUM(M10:M15) -> 0 | N9: =SUM(N10:N15) -> 0 | Q9: =I9-SUM(M9:N9) -> 2000
A10: =CONCATENATE(B10,"_",C10) -> #REF! | B10: =$F$2 -> 0 | C10: =CONCATENATE(#REF!,#REF!,#REF!,#REF!) -> #REF! | E10: Training, Workshops | F10: Unit | G10: 1 | H10: 2000 | I10: =+G10*H10 -> 2000 | Q10: =I10-SUM(M10:N10) -> 2000
E11: Conference, Seminars | I11: =+G11*H11 -> 0 | Q11: =I11-SUM(M11:N11) -> 0
E12: Consultancies | I12: =+G12*H12 -> 0 | Q12: =I12-SUM(M12:N12) -> 0
E13: Material purchases | I13: =+G13*H13 -> 0 | Q13: =I13-SUM(M13:N13) -> 0
E14: Other costs | I14: =+G14*H14 -> 0 | Q14: =I14-SUM(M14:N14) -> 0
I15: =+G15*H15 -> 0 | Q15: =I15-SUM(M15:N15) -> 0
A16: =CONCATENATE(B16,"_",C16) -> #REF! | B16: =$F$2 -> 0 | C16: =CONCATENATE(#REF!,#REF!,#REF!,#REF!) -> #REF! | E16: ….Task 1.2…. | I16: =SUBTOTAL(9,I17:I22) -> 2000 | M16: =SUM(M17:M22) -> 0 | N16: =SUM(N17:N22) -> 0 | Q16: =I16-SUM(M16:N16) -> 2000
A17: =CONCATENATE(B17,"_",C17) -> #REF! | B17: =$F$2 -> 0 | C17: =CONCATENATE(#REF!,#REF!,#REF!,#REF!) -> #REF! | E17: Training, Workshops | F17: Unit | G17: 1 | H17: 2000 | I17: =+G17*H17 -> 2000 | Q17: =I17-SUM(M17:N17) -> 2000
E18: Conference, Seminars | I18: =+G18*H18 -> 0 | Q18: =I18-SUM(M18:N18) -> 0
E19: Consultancies | I19: =+G19*H19 -> 0 | Q19: =I19-SUM(M19:N19) -> 0
E20: Material purchases | I20: =+G20*H20 -> 0 | Q20: =I20-SUM(M20:N20) -> 0
E21: Other costs | I21: =+G21*H21 -> 0 | Q21: =I21-SUM(M21:N21) -> 0
I22: =+G22*H22 -> 0 | Q22: =I22-SUM(M22:N22) -> 0
A23: =CONCATENATE(B23,"_",C23) -> #REF! | B23: =$F$2 -> 0 | C23: =CONCATENATE(#REF!,#REF!,#REF!,#REF!) -> #REF! | E23: ….Task 2…. | I23: =I24+I31 -> 4000 | J23: =I23/I86 -> 0.036330609 | M23: =M24+M31 -> 0 | N23: =N24+N31 -> 0 | Q23: =I23-SUM(M23:N23) -> 4000
A24: =CONCATENATE(B24,"_",C24) -> #REF! | B24: =$F$2 -> 0 | C24: =CONCATENATE(#REF!,#REF!,#REF!,#REF!) -> #REF! | E24: ….Task 2.1…. | I24: =SUBTOTAL(9,I25:I30) -> 2000 | M24: =SUM(M25:M30) -> 0 | N24: =SUM(N25:N30) -> 0 | Q24: =I24-SUM(M24:N24) -> 2000
A25: =CONCATENATE(B25,"_",C25) -> #REF! | B25: =$F$2 -> 0 | C25: =CONCATENATE(#REF!,#REF!,#REF!,#REF!) -> #REF! | E25: Training, Workshops | F25: Unit | G25: 1 | H25: 2000 | I25: =G25*H25 -> 2000 | Q25: =I25-SUM(M25:N25) -> 2000
E26: Conference, Seminars | I26: =G26*H26 -> 0 | Q26: =I26-SUM(M26:N26) -> 0
E27: Consultancies | I27: =G27*H27 -> 0 | Q27: =I27-SUM(M27:N27) -> 0
E28: Material purchases | I28: =G28*H28 -> 0 | Q28: =I28-SUM(M28:N28) -> 0
A29: =CONCATENATE(B29,"_",C29) -> #REF! | B29: =$F$2 -> 0 | C29: =CONCATENATE(#REF!,#REF!,#REF!,#REF!) -> #REF! | E29: Other costs | I29: =G29*H29 -> 0 | Q29: =I29-SUM(M29:N29) -> 0
I30: =G30*H30 -> 0 | Q30: =I30-SUM(M30:N30) -> 0
A31: =CONCATENATE(B31,"_",C31) -> #REF! | B31: =$F$2 -> 0 | C31: =CONCATENATE(#REF!,#REF!,#REF!,#REF!) -> #REF! | E31: ….Task 2.2…. | I31: =SUBTOTAL(9,I32:I36) -> 2000 | M31: =SUM(M32:M37) -> 0 | N31: =SUM(N32:N37) -> 0 | Q31: =I31-SUM(M31:N31) -> 2000
A32: =CONCATENATE(B32,"_",C32) -> #REF! | B32: =$F$2 -> 0 | C32: =CONCATENATE(#REF!,#REF!,#REF!,#REF!) -> #REF! | E32: Training, Workshops | F32: Unit | G32: 1 | H32: 2000 | I32: =G32*H32 -> 2000 | Q32: =I32-SUM(M32:N32) -> 2000
A33: =CONCATENATE(B33,"_",C33) -> #REF! | B33: =$F$2 -> 0 | C33: =CONCATENATE(#REF!,#REF!,#REF!,#REF!) -> #REF! | E33: Conference, Seminars | I33: =G33*H33 -> 0 | Q33: =I33-SUM(M33:N33) -> 0
E34: Consultancies | I34: =G34*H34 -> 0 | Q34: =I34-SUM(M34:N34) -> 0
E35: Material purchases | I35: =G35*H35 -> 0 | Q35: =I35-SUM(M35:N35) -> 0
E36: Other costs | I36: =G36*H36 -> 0 | Q36: =I36-SUM(M36:N36) -> 0
I37: =G37*H37 -> 0 | Q37: =I37-SUM(M37:N37) -> 0
A38: =CONCATENATE(B38,"_",C38) -> #REF! | B38: =$F$2 -> 0 | C38: =CONCATENATE(#REF!,#REF!,#REF!,#REF!) -> #REF! | E38: ….Task 3 …. | I38: =I39+I46 -> 4000 | J38: =I38/I86 -> 0.036330609 | M38: =M39+M46 -> 0 | N38: =N39+N46 -> 0 | Q38: =I38-SUM(M38:N38) -> 4000
A39: =CONCATENATE(B39,"_",C39) -> #REF! | B39: =$F$2 -> 0 | C39: =CONCATENATE(#REF!,#REF!,#REF!,#REF!) -> #REF! | E39: ….Task 3.1…. | I39: =SUBTOTAL(9,I40:I45) -> 2000 | M39: =SUM(M40:M45) -> 0 | N39: =SUM(N40:N45) -> 0 | Q39: =I39-SUM(M39:N39) -> 2000
A40: =CONCATENATE(B40,"_",C40) -> #REF! | B40: =$F$2 -> 0 | C40: =CONCATENATE(#REF!,#REF!,#REF!,#REF!) -> #REF! | E40: Training, Workshops | F40: Unit | G40: 1 | H40: 2000 | I40: =G40*H40 -> 2000 | Q40: =I40-SUM(M40:N40) -> 2000
E41: Conference, Seminars | I41: =G41*H41 -> 0 | Q41: =I41-SUM(M41:N41) -> 0
E42: Consultancies | I42: =G42*H42 -> 0 | Q42: =I42-SUM(M42:N42) -> 0
E43: Material purchases | I43: =G43*H43 -> 0 | Q43: =I43-SUM(M43:N43) -> 0
E44: Other costs | I44: =G44*H44 -> 0 | Q44: =I44-SUM(M44:N44) -> 0
I45: =G45*H45 -> 0 | Q45: =I45-SUM(M45:N45) -> 0
E46: ….Task 3.2…. | I46: =SUBTOTAL(9,I47:I52) -> 2000 | M46: =SUM(M47:M52) -> 0 | N46: =SUM(N47:N52) -> 0 | Q46: =I46-SUM(M46:N46) -> 2000
E47: Training, Workshops | F47: Unit | G47: 1 | H47: 2000 | I47: =G47*H47 -> 2000 | Q47: =I47-SUM(M47:N47) -> 2000
E48: Conference, Seminars | I48: =G48*H48 -> 0 | Q48: =I48-SUM(M48:N48) -> 0
E49: Consultancies | I49: =G49*H49 -> 0 | Q49: =I49-SUM(M49:N49) -> 0
E50: Material purchases | I50: =G50*H50 -> 0 | Q50: =I50-SUM(M50:N50) -> 0
E51: Other costs | I51: =G51*H51 -> 0 | Q51: =I51-SUM(M51:N51) -> 0
I52: =G52*H52 -> 0 | Q52: =I52-SUM(M52:N52) -> 0
E53: Cross Cutting Activities | I53: =SUM(I55:I58) -> 2000 | J53: =I53/I86 -> 0.018165304 | Q53: =I53-SUM(M53:N53) -> 2000
E55: Knowledge Management | F55: Lumpsum | G55: 1 | H55: 1500 | I55: =+G55*H55 -> 1500
E56: Communication and Dissemination | F56: Lumpsum | G56: 1 | H56: 500 | I56: =+G56*H56 -> 500
E57: Other Costs | I57: =+G57*H57 -> 0
I58: =+G58*H58 -> 0
A59: =CONCATENATE(B59,"_",C59) -> #REF! | B59: =$F$2 -> 0 | C59: =CONCATENATE(#REF!,#REF!,#REF!,#REF!) -> #REF! | E59: Human Resources | I59: =SUM(I61:I67) -> 85500 | J59: =I59/I86 -> 0.77656676 | M59: =M60 -> 0 | N59: =N60 -> 0 | Q59: =I59-SUM(M59:N59) -> 85500
A60: =CONCATENATE(B60,"_",C60) -> #REF! | B60: =$F$2 -> 0 | C60: =CONCATENATE(#REF!,#REF!,#REF!,#REF!) -> #REF! | F60: % | G60: months | H60: total | M60: =SUM(M61:M67) -> 0 | N60: =SUM(N61:N67) -> 0 | Q60: =I60-SUM(M60:N60) -> 0
E61: Project manager | F61: 1 | G61: 18 | H61: 4500 | I61: =+G61*H61*F61 -> 81000 | Q61: =I61-SUM(M61:N61) -> 81000
E62: Research manager | I62: =+G62*H62*F62 -> 0 | Q62: =I62-SUM(M62:N62) -> 0
E63: Research officer | I63: =+G63*H63*F63 -> 0 | Q63: =I63-SUM(M63:N63) -> 0
E64: Technical officer | I64: =+G64*H64*F64 -> 0 | Q64: =I64-SUM(M64:N64) -> 0
E65: Financial officer | I65: =+G65*H65*F65 -> 0 | Q65: =I65-SUM(M65:N65) -> 0
E66: Liaison officer | F66: 0.05 | G66: 18 | H66: 5000 | I66: =+G66*H66*F66 -> 4500 | Q66: =I66-SUM(M66:N66) -> 4500
I67: =+G67*H67*F67 -> 0 | Q67: =I67-SUM(M67:N67) -> 0
A68: =CONCATENATE(B68,"_",C68) -> #REF! | B68: =$F$2 -> 0 | C68: =CONCATENATE(#REF!,#REF!,#REF!,#REF!) -> #REF! | D68: a | E68: Operational Costs | I68: =I69+I74 -> 10600 | J68: =I68/I86 -> 0.096276113 | M68: =M69+M74+M86 -> 0 | N68: =N69+N74+N86 -> 0 | Q68: =I68-SUM(M68:N68) -> 10600
A69: =CONCATENATE(B69,"_",C69) -> #REF! | B69: =$F$2 -> 0 | C69: =CONCATENATE(#REF!,#REF!,#REF!,#REF!) -> #REF! | D69: a.1 | E69: Rent and office expenses | I69: =SUBTOTAL(9,I70:I73) -> 3600 | M69: =SUM(M70:M73) -> 0 | N69: =SUM(N70:N73) -> 0 | Q69: =I69-SUM(M69:N69) -> 3600
A70: =CONCATENATE(B70,"_",C70) -> #REF! | B70: =$F$2 -> 0 | C70: =CONCATENATE(#REF!,#REF!,#REF!,#REF!) -> #REF! | E70: Office infrastructure | F70: months | G70: 18 | H70: 200 | I70: =+G70*H70 -> 3600 | Q70: =I70-SUM(M70:N70) -> 3600
I71: =+G71*H71 -> 0 | Q71: =I71-SUM(M71:N71) -> 0
I72: =+G72*H72 -> 0 | Q72: =I72-SUM(M72:N72) -> 0
I73: =+G73*H73 -> 0 | Q73: =I73-SUM(M73:N73) -> 0
A74: =CONCATENATE(B74,"_",C74) -> #REF! | B74: =$F$2 -> 0 | C74: =CONCATENATE(#REF!,#REF!,#REF!,#REF!) -> #REF! | E74: Travel and per diem | F74: per trip | G74: No. Participants | I74: =SUBTOTAL(9,I75:I85) -> 7000 | M74: =SUM(M75:M85) -> 0 | N74: =SUM(N75:N85) -> 0 | Q74: =I74-SUM(M74:N74) -> 7000
E75: International mission costs, transport, accommodation and per diem | F75: per trip for all participants | G75: 4 | H75: 1500 | I75: =+G75*H75 -> 6000 | Q75: =I75-SUM(M75:N75) -> 6000
I76: =+G76*H76 -> 0 | Q76: =I76-SUM(M76:N76) -> 0
I77: =+G77*H77 -> 0 | Q77: =I77-SUM(M77:N77) -> 0
I78: =+G78*H78 -> 0 | Q78: =I78-SUM(M78:N78) -> 0
E79: National mission costs, transport, accommodation and per diem | F79: per trip for all participants | G79: 2 | H79: 500 | I79: =+G79*H79 -> 1000 | Q79: =I79-SUM(M79:N79) -> 1000
I80: =+G80*H80 -> 0 | Q80: =I80-SUM(M80:N80) -> 0
I81: =+G81*H81 -> 0 | Q81: =I81-SUM(M81:N81) -> 0
I82: =+G82*H82 -> 0 | Q82: =I82-SUM(M82:N82) -> 0
I83: =+G83*H83 -> 0 | Q83: =I83-SUM(M83:N83) -> 0
I84: =+G84*H84 -> 0 | Q84: =I84-SUM(M84:N84) -> 0
I85: =+G85*H85 -> 0 | Q85: =I85-SUM(M85:N85) -> 0
A86: =CONCATENATE(B86,"_",C86) -> _ | E86: SUBTOTAL DIRECT COSTS | I86: =I8+I23+I38+I59+I68+I53 -> 110100 | J86: =SUM(J8:J68) -> 1 | M86: =SUM(M87:M91) -> 0 | N86: =SUM(N87:N91) -> 0 | Q86: =I86-SUM(M86:N86) -> 110100
A87: =CONCATENATE(B87,"_",C87) -> #REF! | B87: =$F$2 -> 0 | C87: =CONCATENATE(#REF!,#REF!,#REF!,#REF!) -> #REF! | E87: Indirect costs | F87: % | G87: 7 | I87: =+I86*0.07 -> 7707 | Q87: =I87-SUM(M87:N87) -> 7707
E88: Contingency reserve (not eligible for HR costs) | F88: % | G88: 5 | I88: =I86*0.05 -> 5505 | Q88: =I88-SUM(M88:N88) -> 5505
A89: =CONCATENATE(B89,"_",C89) -> _ | E89: TOTAL | I89: =+I86+I87+I88 -> 123312 | Q89: =I89-SUM(M89:N89) -> 123312
Q90: =I90-SUM(M90:N90) -> 0
Q91: =I91-SUM(M91:N91) -> 0
M92: =SUM(M8+M23+M38+M59+M68) -> 0 | N92: =SUM(N8+N23+N38+N59+N68) -> 0 | Q92: =I92-SUM(M92:N92) -> 0
M93: =+M92*0.07 -> 0 | N93: =+N92*0.07 -> 0 | Q93: =I93-SUM(M93:N93) -> 0
Q94: =I94-SUM(M94:N94) -> 0
M95: =+M92+M93 -> 0 | N95: =+N92+N93 -> 0 | Q95: =I95-SUM(M95:N95) -> 0
